Workbook

Sheet Master Data
A1: Index | B1: ID | C1: Eligibility | D1: Question | E1: Answer Choice | F1: Answer | G1: Age | H1: Zip | I1: Housing | J1: Household | K1: Assistance: None of the above | L1: Supermarket | M1: Box Stores (Target, Walmart, etc.) | N1: Wholesale Club (BJ’s, Sam’s Club, etc.) | O1: Food Co-op | P1: Farmers Market | Q1: Specialty Market | R1: Corner Store | S1: Dollar Store | T1: Drug Store | U1: Distance | V1: Challenges: No barriers | W1: Transport Challenges | X1: Fresh Fruit | Y1: Frozen Fruit | Z1: Canned Fruit | AA1: Fresh Veg | AB1: Frozen Veg | AC1: Canned Veg | AD1: Ease to get Fresh Food | AE1: Variety | AF1: Quality | AG1: Overall Experience | AH1: Comments | AI1: Has Comment | AJ1: Neighborhood | AK1: Gender Reporting
A2: 1 | B2: 4 | C2: Yes | G2: 18-24 | H2: 12305 | I2: Rent my home | J2: 1 - 2 | K2: 1 | L2: Often | M2: Often | N2: Never | O2: Never | P2: Sometimes | Q2: Never | R2: Sometimes | S2: Never | T2: Sometimes | U2: 7-10 miles | V2: FALSE | W2: Never | X2: Often | Y2: Sometimes | Z2: Never | AA2: Often | AB2: Often | AC2: Never | AD2: Usually easy | AE2: Good | AF2: Good | AG2: Good | AI2: 0 | AJ2: Downtown/Stockade | AK2: Female
A3: 2 | B3: 5 | C3: Yes | G3: 60-69 | H3: 12308 | I3: Own my home | J3: 1 - 2 | K3: 1 | L3: Often | M3: Sometimes | N3: Sometimes | O3: Never | P3: Never | Q3: Never | R3: Sometimes | S3: Never | T3: Never | U3: 4-6 miles | V3: TRUE | W3: Never | X3: Sometimes | Y3: Sometimes | Z3: Often | AA3: Often | AB3: Often | AC3: Often | AD3: Sometimes easy | AE3: Excellent | AF3: Good | AG3: Good | AI3: 0 | AJ3: Northside | AK3: Female
A4: 3 | B4: 6 | C4: Yes | G4: 60-69 | H4: 12305 | I4: Rent my home | J4: 1 - 2 | K4: 1 | L4: Often | M4: Sometimes | N4: Never | O4: Sometimes | P4: Sometimes | Q4: Sometimes | R4: Never | S4: Never | T4: Never | U4: 1-3 miles | V4: TRUE | W4: Never | X4: Often | Y4: Never | Z4: Never | AA4: Often | AB4: Sometimes | AC4: Never | AD4: Usually easy | AE4: Excellent | AF4: Good | AG4: Excellent | AI4: 0 | AJ4: Downtown/Stockade | AK4: Male
A5: 4 | B5: 7 | C5: Yes | G5: 40-49 | H5: 12309 | I5: Own my home | J5: 1 - 2 | K5: 1 | L5: Often | M5: Never | N5: Never | O5: Sometimes | P5: Often | Q5: Sometimes | R5: Never | S5: Never | T5: Never | U5: 7-10 miles | V5: TRUE | W5: Never | X5: Often | Y5: Sometimes | Z5: Sometimes | AA5: Often | AB5: Never | AC5: Sometimes | AD5: Always easy | AE5: Good | AF5: Good | AG5: Excellent | AI5: 0 | AJ5: Niskayuna | AK5: Male
A6: 5 | B6: 8 | C6: Yes | G6: 30-39 | H6: 12308 | I6: Own my home | J6: 1 - 2 | K6: 1 | L6: Often | M6: Often | N6: Sometimes | O6: Sometimes | P6: Sometimes | Q6: Sometimes | R6: Sometimes | S6: Never | T6: Never | U6: 4-6 miles | V6: TRUE | W6: Never | X6: Often | Y6: Sometimes | Z6: Never | AA6: Often | AB6: Often | AC6: Often | AD6: Always easy | AE6: Excellent | AF6: Excellent | AG6: Good | AI6: 0 | AJ6: Northside | AK6: Female
A7: 6 | B7: 9 | C7: Yes | G7: 60-69 | H7: 12027 | I7: Own my home | J7: 1 - 2 | K7: 1 | L7: Often | M7: Sometimes | N7: Sometimes | O7: Never | P7: Sometimes | Q7: Never | R7: Never | S7: Sometimes | T7: Sometimes | U7: 4-6 miles | V7: TRUE | W7: Never | X7: Often | Y7: Sometimes | Z7: Never | AA7: Often | AB7: Never | AC7: Never | AD7: Sometimes easy | AE7: Okay | AF7: Okay | AG7: Good | AI7: 0 | AJ7: Scotia/Glenville | AK7: Male
A8: 7 | B8: 10 | C8: Yes | G8: 30-39 | H8: 12302 | I8: Rent my home | J8: 3 - 4 | K8: 0 | L8: Often | M8: Often | N8: Sometimes | O8: Never | P8: Sometimes | Q8: Never | R8: Sometimes | S8: Never | T8: Often | U8: 1-3 miles | V8: FALSE | W8: Rarely | X8: Often | Y8: Often | Z8: Never | AA8: Sometimes | AB8: Often | AC8: Never | AD8: Always easy | AE8: Good | AF8: Excellent | AG8: Good | AI8: 0 | AJ8: Scotia/Glenville | AK8: Non-binary
A9: 8 | B9: 11 | C9: Yes | G9: 25-29 | H9: 12302 | I9: Rent my home | J9: 3 - 4 | K9: 0 | L9: Sometimes | M9: Often | N9: Sometimes | O9: Never | P9: Sometimes | Q9: Never | R9: Never | S9: Never | T9: Sometimes | U9: 1-3 miles | V9: FALSE | W9: Never | X9: Sometimes | Y9: Often | Z9: Sometimes | AA9: Sometimes | AB9: Often | AC9: Sometimes | AD9: Sometimes easy | AE9: Okay | AF9: Good | AG9: Good | AH9: I love the Fresh Table of Scotia/ Glenville so much as my family would not qualify for most food pantries and assistance but this one does not have qualifications. I know many people also utilize Buy Nothing Groups to limit food waste while helping others too. And I hope one day apps like “To Good To Go” become more widely used by businesses in Schenectady as it also helps with food waste but also provides people with the chance to get food they normally would not be able to afford. | AI9: 1 | AJ9: Scotia/Glenville | AK9: Transgender
A10: 9 | B10: 12 | C10: Yes | G10: 25-29 | H10: 12303 | I10: Rent my home | J10: 1 - 2 | K10: 1 | L10: Often | M10: Often | N10: Never | O10: Often | P10: Sometimes | Q10: Sometimes | R10: Often | S10: Often | T10: Sometimes | U10: 1-3 miles | V10: TRUE | W10: Sometimes | X10: Sometimes | Y10: Often | Z10: Often | AA10: Never | AB10: Often | AC10: Often | AD10: Always easy | AE10: Good | AF10: Good | AG10: Good | AI10: 0 | AJ10: Mont Pleasant | AK10: Male
A11: 10 | B11: 13 | C11: Yes | G11: 40-49 | H11: 12304 | I11: Rent my home | J11: 5 - 6 | K11: 0 | L11: Often | M11: Often | N11: Sometimes | O11: Never | P11: Sometimes | Q11: Never | R11: Never | S11: Sometimes | T11: Never | U11: Less than 1 mile | V11: FALSE | W11: Always | X11: Often | Y11: Sometimes | Z11: Sometimes | AA11: Often | AB11: Often | AC11: Never | AD11: Usually easy | AE11: Good | AF11: Okay | AG11: Very poor | AH11: Transportation and cost are the main struggles for us. We never have enough food to get us through the month. SNAP benefits are only $533 for 5 people. So so hard to eat in general no less eating healthy. | AI11: 1 | AJ11: Woodlawn | AK11: Female
A12: 11 | B12: 14 | C12: Yes | G12: 40-49 | H12: 12309 | I12: Rent my home | J12: 3 - 4 | K12: 0 | L12: Often | M12: Sometimes | N12: Never | O12: Never | P12: Sometimes | Q12: Never | R12: Sometimes | S12: Sometimes | T12: Never | U12: 4-6 miles | V12: FALSE | W12: Sometimes | X12: Often | Y12: Sometimes | Z12: Sometimes | AA12: Often | AB12: Often | AC12: Sometimes | AD12: Rarely easy | AE12: Okay | AF12: Good | AG12: Good | AH12: We thank the food pantries in our area they are a life saver when in need . | AI12: 1 | AJ12: Niskayuna | AK12: Female
A13: 12 | B13: 15 | C13: Yes | G13: 18-24 | H13: 12305 | I13: Rent my home | J13: 1 - 2 | K13: 1 | L13: Often | M13: Sometimes | N13: Never | O13: Never | P13: Sometimes | Q13: Never | R13: Often | S13: Never | T13: Sometimes | U13: 7-10 miles | V13: TRUE | W13: Never | X13: Often | Y13: Sometimes | Z13: Sometimes | AA13: Often | AB13: Sometimes | AC13: Never | AD13: Usually easy | AE13: Good | AF13: Good | AG13: Good | AI13: 0 | AJ13: Downtown/Stockade | AK13: Male
A14: 13 | B14: 16 | C14: Yes | G14: 30-39 | H14: 12308 | I14: Own my home | J14: 1 - 2 | K14: 1 | L14: Sometimes | M14: Sometimes | N14: Sometimes | O14: Sometimes | P14: Sometimes | Q14: Sometimes | R14: Never | S14: Sometimes | T14: Sometimes | U14: 4-6 miles | V14: FALSE | W14: Sometimes | X14: Often | Y14: Sometimes | Z14: Never | AA14: Often | AB14: Often | AC14: Sometimes | AD14: Sometimes easy | AE14: Okay | AF14: Okay | AG14: Poor | AH14: Food is so insanely expensive, if it wasn't for having a combined income with my partner, I would still be restricted to the food pantries on a disability/SSDI income. | AI14: 1 | AJ14: Northside | AK14: Transgender
A15: 14 | B15: 17 | C15: Yes | G15: 40-49 | H15: 12305 | I15: Own my home | J15: 1 - 2 | K15: 1 | L15: Often | M15: Never | N15: Never | O15: Sometimes | P15: Sometimes | Q15: Sometimes | R15: Never | S15: Never | T15: Never | U15: Less than 1 mile | V15: TRUE | W15: Never | X15: Often | Y15: Sometimes | Z15: Sometimes | AA15: Often | AB15: Sometimes | AC15: Sometimes | AD15: Usually easy | AE15: Excellent | AF15: Excellent | AG15: Excellent | AH15: I work in Troy at Capital Roots and use Capital Roots' Good Food Market as my main market- and supplement with Greenmarket and smaller in downtown/little Italy Schenectady. So these survey responses may be outliers for Schdy | AI15: 1 | AJ15: Downtown/Stockade | AK15: Male
A16: 15 | B16: 18 | C16: Yes | G16: 25-29 | H16: 12303 | I16: Own my home | J16: 1 - 2 | K16: 1 | L16: Often | M16: Often | N16: Sometimes | O16: Sometimes | P16: Often | Q16: Never | R16: Sometimes | S16: Sometimes | T16: Sometimes | U16: Less than 1 mile | V16: TRUE | W16: Never | X16: Often | Y16: Sometimes | Z16: Never | AA16: Often | AB16: Sometimes | AC16: Never | AD16: Always easy | AE16: Excellent | AF16: Good | AG16: Excellent | AI16: 0 | AJ16: Mont Pleasant | AK16: Female
A17: 16 | B17: 19 | C17: Yes | G17: 30-39 | H17: 12308 | I17: Own my home | J17: 3 - 4 | K17: 1 | L17: Often | M17: Sometimes | N17: Never | O17: Never | P17: Sometimes | Q17: Never | R17: Never | S17: Never | T17: Never | U17: Less than 1 mile | V17: TRUE | W17: Never | X17: Often | Y17: Never | Z17: Never | AA17: Often | AB17: Often | AC17: Sometimes | AD17: Always easy | AE17: Excellent | AF17: Excellent | AG17: Excellent | AI17: 0 | AJ17: Northside | AK17: Male
A18: 17 | B18: 20 | C18: Yes | G18: 40-49 | H18: 12306 | I18: Own my home | J18: 3 - 4 | K18: 0 | L18: Often | M18: Often | N18: Often | O18: Sometimes | P18: Sometimes | Q18: Never | R18: Never | S18: Never | T18: Sometimes | U18: 1-3 miles | V18: FALSE | W18: Rarely | X18: Often | Y18: Often | Z18: Never | AA18: Often | AB18: Often | AC18: Never | AD18: Sometimes easy | AE18: Okay | AF18: Good | AG18: Good | AI18: 0 | AJ18: Rotterdam/Bellevue | AK18: Female
A19: 18 | B19: 21 | C19: Yes | G19: 50-59 | H19: 12302 | I19: Own my home | J19: 3 - 4 | K19: 1 | L19: Often | M19: Sometimes | N19: Sometimes | O19: Sometimes | P19: Sometimes | Q19: Sometimes | R19: Never | S19: Never | T19: Never | U19: 4-6 miles | V19: FALSE | W19: Sometimes | X19: Often | Y19: Sometimes | Z19: Never | AA19: Often | AB19: Often | AC19: Sometimes | AD19: Always easy | AE19: Good | AF19: Good | AG19: Good | AI19: 0 | AJ19: Scotia/Glenville | AK19: Female
A20: 19 | B20: 22 | C20: Yes | G20: 30-39 | H20: 12302 | I20: Rent my home | J20: 1 - 2 | K20: 0 | L20: Often | M20: Never | N20: Never | O20: Never | P20: Never | Q20: Never | R20: Never | S20: Never | T20: Never | U20: 1-3 miles | V20: FALSE | W20: Sometimes | X20: Never | Y20: Never | Z20: Sometimes | AA20: Never | AB20: Often | AC20: Sometimes | AD20: Rarely easy | AE20: Good | AF20: Good | AG20: Good | AI20: 0 | AJ20: Scotia/Glenville | AK20: Prefer not to say
A21: 20 | B21: 23 | C21: Yes | G21: 60-69 | H21: 12306 | I21: Rent my home | J21: 3 - 4 | K21: 1 | L21: Often | M21: Often | N21: Sometimes | O21: Never | P21: Sometimes | Q21: Never | R21: Sometimes | S21: Sometimes | T21: Sometimes | U21: 7-10 miles | V21: FALSE | W21: Never | X21: Often | Y21: Often | Z21: Sometimes | AA21: Often | AB21: Often | AC21: Sometimes | AD21: Sometimes easy | AE21: Good | AF21: Good | AG21: Good | AI21: 0 | AJ21: Rotterdam/Bellevue | AK21: Female
A22: 21 | B22: 24 | C22: Yes | G22: 60-69 | H22: 12309 | I22: Own my home | J22: 3 - 4 | K22: 1 | L22: Often | M22: Sometimes | N22: Never | O22: Sometimes | P22: Sometimes | Q22: Sometimes | R22: Sometimes | S22: Sometimes | T22: Sometimes | U22: 1-3 miles | V22: TRUE | W22: Never | X22: Often | Y22: Sometimes | Z22: Never | AA22: Often | AB22: Sometimes | AC22: Never | AD22: Always easy | AE22: Excellent | AF22: Good | AG22: Excellent | AI22: 0 | AJ22: Niskayuna | AK22: Male
A23: 22 | B23: 25 | C23: Yes | G23: 50-59 | H23: 12309 | I23: Own my home | J23: 3 - 4 | K23: 1 | L23: Often | M23: Never | N23: Never | O23: Sometimes | P23: Sometimes | Q23: Sometimes | R23: Never | S23: Never | T23: Sometimes | U23: 1-3 miles | V23: TRUE | W23: Never | X23: Often | Y23: Sometimes | Z23: Never | AA23: Often | AB23: Sometimes | AC23: Never | AD23: Always easy | AE23: Excellent | AF23: Excellent | AG23: Excellent | AI23: 0 | AJ23: Niskayuna | AK23: Female
A24: 23 | B24: 26 | C24: Yes | G24: 50-59 | H24: 12306 | I24: Own my home | J24: 1 - 2 | K24: 1 | L24: Often | M24: Sometimes | N24: Never | O24: Sometimes | P24: Sometimes | Q24: Sometimes | R24: Sometimes | S24: Sometimes | T24: Sometimes | U24: Less than 1 mile | V24: TRUE | W24: Never | X24: Sometimes | Y24: Sometimes | Z24: Sometimes | AA24: Sometimes | AB24: Sometimes | AC24: Sometimes | AD24: Usually easy | AE24: Good | AF24: Good | AG24: Good | AI24: 0 | AJ24: Rotterdam/Bellevue | AK24: Female
A25: 24 | B25: 27 | C25: Yes | G25: 70-79 | H25: 12309 | I25: Own my home | J25: 1 - 2 | K25: 1 | L25: Often | M25: Sometimes | N25: Never | O25: Sometimes | P25: Sometimes | Q25: Never | R25: Sometimes | S25: Sometimes | T25: Sometimes | U25: 1-3 miles | V25: TRUE | W25: Never | X25: Often | Y25: Never | Z25: Never | AA25: Often | AB25: Sometimes | AC25: Sometimes | AD25: Usually easy | AE25: Excellent | AF25: Good | AG25: Excellent | AH25: As a volunteer at pantries, I am extrememly fortunate that I have access to food | AI25: 1 | AJ25: Niskayuna | AK25: Male
A26: 25 | B26: 28 | C26: Yes | G26: 60-69 | H26: 12303 | I26: Rent my home | J26: 3 - 4 | K26: 0 | L26: Often | M26: Sometimes | N26: Never | O26: Never | P26: Never | Q26: Never | R26: Sometimes | S26: Sometimes | T26: Sometimes | U26: 1-3 miles | V26: FALSE | W26: Never | X26: Often | Y26: Sometimes | Z26: Sometimes | AA26: Sometimes | AB26: Never | AC26: Sometimes | AD26: Usually easy | AE26: Okay | AF26: Good | AG26: Okay | AH26: my disabled son has food issues he gets medicare advantage, since it is hard for me to get to the store we order on line, they do not use the delivery service (so hard to get fresh) the amounts are large quanity not the best selection) | AI26: 1 | AJ26: Mont Pleasant | AK26: Female
A27: 26 | B27: 29 | C27: Yes | G27: 40-49 | H27: 12305 | I27: Rent my home | J27: 1 - 2 | K27: 1 | L27: Often | M27: Sometimes | N27: Never | O27: Never | P27: Sometimes | Q27: Sometimes | R27: Never | S27: Sometimes | T27: Often | U27: 4-6 miles | V27: FALSE | W27: Rarely | X27: Often | Y27: Never | Z27: Never | AA27: Often | AB27: Sometimes | AC27: Sometimes | AD27: Always easy | AE27: Good | AF27: Good | AG27: Good | AI27: 0 | AJ27: Downtown/Stockade | AK27: Female
A28: 27 | B28: 30 | C28: Yes | G28: 50-59 | H28: 12306 | I28: Staying with friends/family temporarily | J28: 1 - 2 | K28: 1 | L28: Often | M28: Often | N28: Sometimes | O28: Never | P28: Sometimes | Q28: Never | R28: Sometimes | S28: Sometimes | T28: Never | U28: 1-3 miles | V28: TRUE | W28: Never | X28: Often | Y28: Never | Z28: Sometimes | AA28: Often | AB28: Often | AC28: Often | AD28: Usually easy | AE28: Good | AF28: Good | AG28: Good | AI28: 0 | AJ28: Rotterdam/Bellevue | AK28: Female
A29: 28 | B29: 31 | C29: Yes | G29: 40-49 | H29: 12309 | I29: Own my home | J29: 1 - 2 | K29: 1 | L29: Sometimes | M29: Sometimes | N29: Never | O29: Never | P29: Never | Q29: Never | R29: Never | S29: Never | T29: Sometimes | U29: Less than 1 mile | V29: TRUE | W29: Never | X29: Often | Y29: Sometimes | Z29: Never | AA29: Often | AB29: Sometimes | AC29: Sometimes | AD29: Always easy | AE29: Excellent | AF29: Excellent | AG29: Excellent | AH29: I do Misfits Market box delivery of "food waste"/misshapen vegetables to my door every other week. It is super convenient. Good survey! | AI29: 1 | AJ29: Niskayuna | AK29: Female
A30: 29 | B30: 32 | C30: Yes | G30: 40-49 | H30: 12305 | I30: Rent my home | J30: 1 - 2 | K30: 0 | L30: Often | M30: Sometimes | N30: Never | O30: Sometimes | P30: Sometimes | Q30: Sometimes | R30: Sometimes | S30: Never | T30: Sometimes | U30: 4-6 miles | V30: FALSE | W30: Sometimes | X30: Often | Y30: Sometimes | Z30: Never | AA30: Often | AB30: Sometimes | AC30: Never | AD30: Usually easy | AE30: Good | AF30: Good | AG30: Okay | AJ30: Downtown/Stockade | AK30: Female
A31: 30 | B31: 33 | C31: Yes | G31: 40-49 | H31: 12306 | I31: Own my home | J31: 3 - 4 | K31: 1 | L31: Often | M31: Sometimes | N31: Often | O31: Never | P31: Sometimes | Q31: Never | R31: Sometimes | S31: Never | T31: Sometimes | U31: 1-3 miles | V31: TRUE | W31: Never | X31: Often | Y31: Sometimes | Z31: Never | AA31: Often | AB31: Sometimes | AC31: Often | AD31: Usually easy | AE31: Excellent | AF31: Good | AG31: Excellent | AI31: 0 | AJ31: Rotterdam/Bellevue | AK31: Male
A32: 31 | B32: 34 | C32: Yes | G32: 30-39 | H32: 12304 | I32: Staying with friends/family temporarily | J32: 1 - 2 | K32: 0 | L32: Never | M32: Often | N32: Never | O32: Never | P32: Never | Q32: Never | R32: Never | S32: Never | T32: Sometimes | U32: 4-6 miles | V32: FALSE | W32: Sometimes | X32: Often | Y32: Sometimes | Z32: Never | AA32: Sometimes | AB32: Often | AC32: Sometimes | AD32: Rarely easy | AE32: Poor | AF32: Okay | AG32: Okay | AI32: 0 | AJ32: Woodlawn | AK32: Female
A33: 32 | B33: 35 | C33: Yes | G33: 50-59 | H33: 12306 | I33: Own my home | J33: 3 - 4 | K33: 0 | L33: Often | M33: Sometimes | N33: Sometimes | O33: Often | P33: Often | Q33: Sometimes | R33: Never | S33: Often | T33: Sometimes | U33: 4-6 miles | V33: FALSE | W33: Never | X33: Often | Y33: Sometimes | Z33: Never | AA33: Often | AB33: Sometimes | AC33: Never | AD33: Usually easy | AE33: Good | AF33: Excellent | AG33: Excellent | AH33: The green market is one of the best parts of living in Schenectady. Please do whatever you can to save it. | AI33: 1 | AJ33: Rotterdam/Bellevue | AK33: Female
A34: 33 | B34: 36 | C34: Yes | G34: 50-59 | H34: 12304 | I34: Rent from relatives | J34: 3 - 4 | K34: 0 | L34: Sometimes | M34: Sometimes | N34: Sometimes | O34: Never | P34: Sometimes | Q34: Sometimes | R34: Sometimes | S34: Sometimes | T34: Sometimes | U34: 1-3 miles | V34: FALSE | W34: Often | X34: Often | Y34: Often | Z34: Sometimes | AA34: Often | AB34: Often | AC34: Sometimes | AD34: Rarely easy | AE34: Poor | AF34: Poor | AG34: Poor | AH34: We are receiving less and less fresh produce everywhere, IF any at all - especially at the Sycamore Collaborative in the local area. This started happening PRIOR to the current federal administration. Many foods are being thrown away instead of shared when they have shelf life viability. The reasons for less food is being stated as: they are sharing with OTHER agencies rather than taking care of their customers and clients who go to their location. So, politics seems more important than the people, until it's time to ask for donations and money. Donations are also going overseas instead of staying locally for the community. People are being forced to go their particular business partners to get needs met. It has become both a political AND a numbers game. The people are just pawns and not being treated fairly. The trucks don't even give fresh produce anymore, only canned items. IF constituents state any of this to staffers they are treated a bit harshly in terms of gaslighting and shamed for needing help. Apparently you are not allowed to speak up if broke or poor. You have to take what you get like a stray. It is not fair and it can be inhumane. No human being should be yelled or spoken to condescendingly due to circumstances out of their control. Nobody wants to go to pantries or ask for help, especially if they are made to feel as less than a whole person or bring made to feel useless. Seniors and especially females should not be shamed into silence when it comes to needs. Volunteers need to be retrained locally. And taught that just because they currently have means and connections doesn't mean that employees are of an elevated status as human beings, over the people they are supposed to help. And perhaps a side talk about the gossiping of people that require some form of help. Poverty can happen to anyone, for a myriad of reasons. People should be afforded some dignity and respect. It seems that many people in the food industry are coming across as altruistic only when it comes to public scrutiny, or being spotlighted in media of their services when they are asking for money. | AI34: 1 | AJ34: Woodlawn | AK34: Female
A35: 34 | B35: 37 | C35: Yes | G35: 40-49 | H35: 12305 | I35: Other | J35: 3 - 4 | K35: 0 | L35: Often | M35: Often | N35: Often | O35: Never | P35: Often | Q35: Often | R35: Sometimes | S35: Often | T35: Often | U35: 4-6 miles | V35: FALSE | W35: Often | X35: Often | Y35: Sometimes | Z35: Sometimes | AA35: Often | AB35: Often | AC35: Sometimes | AD35: Sometimes easy | AE35: Okay | AF35: Okay | AG35: Okay | AH35: Prices should be monitored. Companies and businesses are raising prices in competition with each other and forgetting about the customers who can barely afford to eat properly. Money has become more important than the people. Political opponents show up for photo opportunities for their own agendas. Constituents should be able to speak publicly about what is happening in our local communities. Constituents should not feel singled out for any punitive measures should they speak up about any issues. | AI35: 1 | AJ35: Downtown/Stockade | AK35: Female
A36: 35 | B36: 38 | C36: Yes | G36: 40-49 | H36: 12303 | I36: Own my home | J36: 1 - 2 | K36: 1 | L36: Often | M36: Sometimes | N36: Sometimes | O36: Never | P36: Often | Q36: Never | R36: Sometimes | S36: Never | T36: Never | U36: 1-3 miles | V36: FALSE | W36: Never | X36: Often | Y36: Sometimes | Z36: Sometimes | AA36: Often | AB36: Often | AC36: Often | AD36: Usually easy | AE36: Excellent | AF36: Good | AG36: Excellent | AI36: 0 | AJ36: Mont Pleasant | AK36: Female
A37: 36 | B37: 39 | C37: Yes | G37: 70-79 | H37: 12306 | I37: Rent my home | J37: 1 - 2 | K37: 1 | L37: Sometimes | M37: Sometimes | N37: Often | O37: Never | P37: Sometimes | Q37: Never | R37: Never | S37: Never | T37: Sometimes | U37: 1-3 miles | V37: TRUE | W37: Never | X37: Often | Y37: Often | Z37: Often | AA37: Sometimes | AB37: Sometimes | AC37: Often | AD37: Usually easy | AE37: Good | AF37: Good | AG37: Good | AI37: 0 | AJ37: Rotterdam/Bellevue | AK37: Male
A38: 37 | B38: 41 | C38: Yes | G38: 40-49 | H38: 12309 | I38: Own my home | J38: 3 - 4 | K38: 1 | L38: Often | M38: Sometimes | N38: Never | O38: Sometimes | P38: Sometimes | Q38: Never | R38: Sometimes | S38: Sometimes | T38: Sometimes | U38: Less than 1 mile | V38: FALSE | W38: Rarely | X38: Sometimes | Y38: Never | Z38: Never | AA38: Often | AB38: Sometimes | AC38: Sometimes | AD38: Always easy | AE38: Excellent | AF38: Good | AG38: Excellent | AI38: 0 | AJ38: Niskayuna | AK38: Male
A39: 38 | B39: 42 | C39: Yes | G39: 50-59 | H39: 12308 | I39: Rent my home | J39: 3 - 4 | K39: 1 | L39: Often | M39: Sometimes | N39: Never | O39: Sometimes | P39: Sometimes | Q39: Never | R39: Sometimes | S39: Sometimes | T39: Sometimes | U39: 1-3 miles | V39: TRUE | W39: Never | X39: Often | Y39: Sometimes | Z39: Never | AA39: Often | AB39: Often | AC39: Sometimes | AD39: Usually easy | AE39: Good | AF39: Good | AG39: Good | AI39: 0 | AJ39: Northside | AK39: Female
A40: 39 | B40: 43 | C40: Yes | G40: 25-29 | H40: 12305 | I40: Rent my home | J40: 1 - 2 | K40: 1 | L40: Sometimes | M40: Sometimes | N40: Never | O40: Never | P40: Sometimes | Q40: Never | R40: Sometimes | S40: Never | T40: Never | U40: 1-3 miles | V40: FALSE | W40: Never | X40: Sometimes | Y40: Often | Z40: Sometimes | AA40: Sometimes | AB40: Often | AC40: Never | AD40: Usually easy | AE40: Good | AF40: Good | AG40: Good | AI40: 0 | AJ40: Downtown/Stockade | AK40: Female
A41: 40 | B41: 44 | C41: Yes | G41: 70-79 | H41: 12304 | I41: Rent my home | J41: 3 - 4 | K41: 0 | L41: Often | M41: Sometimes | N41: Sometimes | O41: Never | P41: Never | Q41: Never | R41: Sometimes | S41: Sometimes | T41: Sometimes | U41: 4-6 miles | V41: FALSE | W41: Sometimes | X41: Often | Y41: Sometimes | Z41: Sometimes | AA41: Sometimes | AB41: Often | AC41: Sometimes | AD41: Rarely easy | AE41: Okay | AF41: Okay | AG41: Okay | AH41: prices keep going up. quality of meat and produce keep going down. | AI41: 1 | AJ41: Woodlawn | AK41: Female
A42: 41 | B42: 45 | C42: Yes | G42: 50-59 | H42: 12309 | I42: Own my home | J42: 3 - 4 | K42: 1 | L42: Often | M42: Sometimes | N42: Never | O42: Sometimes | P42: Often | Q42: Sometimes | R42: Sometimes | S42: Never | T42: Sometimes | U42: Less than 1 mile | V42: TRUE | W42: Never | X42: Often | Y42: Sometimes | Z42: Sometimes | AA42: Often | AB42: Sometimes | AC42: Sometimes | AD42: Usually easy | AE42: Good | AF42: Good | AG42: Good | AH42: Food costs have not been a problem in the past, but the prices continue to go up and we are starting to have to make choices in our budget as a result. The main store here is also small and they often charge higher prices at their store that is closer than they do at nearby stores in the suburbs. | AI42: 1 | AJ42: Niskayuna | AK42: Female
A43: 42 | B43: 46 | C43: Yes | G43: 60-69 | H43: 12305 | I43: Own my home | J43: 1 - 2 | K43: 1 | L43: Often | M43: Sometimes | N43: Sometimes | O43: Sometimes | P43: Sometimes | Q43: Sometimes | R43: Never | S43: Never | T43: Never | U43: 4-6 miles | V43: TRUE | W43: Never | X43: Often | Y43: Sometimes | Z43: Never | AA43: Often | AB43: Sometimes | AC43: Sometimes | AD43: Usually easy | AE43: Good | AF43: Good | AG43: Good | AI43: 0 | AJ43: Downtown/Stockade | AK43: Female
A44: 43 | B44: 47 | C44: Yes | G44: 60-69 | H44: 12308 | I44: Own my home | J44: 1 - 2 | K44: 1 | L44: Often | M44: Sometimes | N44: Never | O44: Sometimes | P44: Sometimes | Q44: Sometimes | R44: Sometimes | S44: Sometimes | T44: Sometimes | U44: 1-3 miles | V44: FALSE | W44: Never | X44: Often | Y44: Often | Z44: Sometimes | AA44: Often | AB44: Sometimes | AC44: Sometimes | AD44: Usually easy | AE44: Good | AF44: Good | AG44: Good | AI44: 0 | AJ44: Northside | AK44: Female
A45: 44 | B45: 48 | C45: Yes | G45: 70-79 | H45: 12308 | I45: Own my home | J45: 1 - 2 | K45: 1 | L45: Often | M45: Sometimes | N45: Sometimes | O45: Never | P45: Sometimes | Q45: Never | R45: Never | S45: Sometimes | T45: Sometimes | U45: 1-3 miles | V45: FALSE | W45: Never | X45: Often | Y45: Never | Z45: Sometimes | AA45: Often | AB45: Sometimes | AC45: Sometimes | AD45: Usually easy | AE45: Good | AF45: Good | AG45: Good | AH45: No | AI45: 1 | AJ45: Northside | AK45: Female
A46: 45 | B46: 49 | C46: Yes | G46: 50-59 | H46: 12303 | I46: Own my home | J46: 3 - 4 | K46: 1 | L46: Often | M46: Sometimes | N46: Never | O46: Sometimes | P46: Never | Q46: Never | R46: Never | S46: Never | T46: Never | U46: 1-3 miles | V46: FALSE | W46: Never | X46: Often | Y46: Sometimes | Z46: Never | AA46: Often | AB46: Sometimes | AC46: Sometimes | AD46: Sometimes easy | AE46: Okay | AF46: Okay | AG46: Poor | AH46: It’s hard to find fresh fruits and vegetables of decent quality when funds are limited and they cost so much more than the less healthy food. | AI46: 1 | AJ46: Mont Pleasant | AK46: Female
A47: 46 | B47: 50 | C47: Yes | G47: 60-69 | H47: 12302 | I47: Own my home | J47: 1 - 2 | K47: 1 | L47: Often | M47: Sometimes | N47: Often | O47: Never | P47: Sometimes | Q47: Never | R47: Sometimes | S47: Never | T47: Never | U47: 4-6 miles | V47: TRUE | W47: Never | X47: Often | Y47: Often | Z47: Sometimes | AA47: Often | AB47: Often | AC47: Often | AD47: Always easy | AE47: Excellent | AF47: Excellent | AG47: Excellent | AI47: 0 | AJ47: Scotia/Glenville | AK47: Female
A48: 47 | B48: 51 | C48: Yes | G48: 25-29 | H48: 12305 | I48: Rent my home | J48: 1 - 2 | K48: 1 | L48: Often | M48: Never | N48: Never | O48: Sometimes | P48: Sometimes | Q48: Sometimes | R48: Sometimes | S48: Never | T48: Never | U48: 4-6 miles | V48: TRUE | W48: Often | X48: Sometimes | Y48: Often | Z48: Never | AA48: Often | AB48: Sometimes | AC48: Often | AD48: Usually easy | AE48: Good | AF48: Good | AG48: Good | AH48: I am a person living a middle-class lifestyle. I feel like my placement in society in an economic way is important to note seeing as that's what provides many of the privileges I have for food access. | AI48: 1 | AJ48: Downtown/Stockade | AK48: Female
A49: 48 | B49: 52 | C49: Yes | G49: 50-59 | H49: 12306 | I49: Own my home | J49: 3 - 4 | K49: 0 | L49: Often | M49: Sometimes | N49: Often | O49: Never | P49: Sometimes | Q49: Sometimes | R49: Never | S49: Never | T49: Never | U49: Less than 1 mile | V49: FALSE | W49: Rarely | X49: Often | Y49: Never | Z49: Never | AA49: Often | AB49: Never | AC49: Never | AD49: Sometimes easy | AE49: Okay | AF49: Okay | AG49: Okay | AI49: 0 | AJ49: Rotterdam/Bellevue | AK49: Female
A50: 49 | B50: 53 | C50: Yes | G50: 70-79 | H50: 12309 | I50: Own my home | J50: 1 - 2 | K50: 1 | L50: Often | M50: Sometimes | N50: Sometimes | O50: Never | P50: Sometimes | Q50: Never | R50: Sometimes | S50: Sometimes | T50: Never | U50: Less than 1 mile | V50: TRUE | W50: Never | X50: Often | Y50: Never | Z50: Sometimes | AA50: Often | AB50: Sometimes | AC50: Never | AD50: Always easy | AE50: Excellent | AF50: Excellent | AG50: Excellent | AI50: 0 | AJ50: Niskayuna | AK50: Female
A51: 50 | B51: 54 | C51: Yes | G51: 70-79 | H51: 12308 | I51: Own my home | J51: 1 - 2 | K51: 1 | L51: Often | M51: Never | N51: Never | O51: Sometimes | P51: Often | Q51: Often | R51: Never | S51: Never | T51: Never | U51: 1-3 miles | V51: TRUE | W51: Never | X51: Often | Y51: Sometimes | Z51: Sometimes | AA51: Often | AB51: Sometimes | AC51: Sometimes | AD51: Usually easy | AE51: Good | AF51: Excellent | AG51: Good | AI51: 0 | AJ51: Northside | AK51: Female
A52: 51 | B52: 55 | C52: Yes | G52: 60-69 | H52: 12309 | I52: Own my home | J52: 1 - 2 | K52: 1 | L52: Often | M52: Never | N52: Never | O52: Sometimes | P52: Often | Q52: Never | R52: Never | S52: Never | T52: Never | U52: Less than 1 mile | V52: TRUE | W52: Never | X52: Often | Y52: Sometimes | Z52: Sometimes | AA52: Often | AB52: Never | AC52: Never | AD52: Always easy | AE52: Good | AF52: Good | AG52: Good | AH52: Can’t wait for EC Community Grocery to open. | AI52: 1 | AJ52: Niskayuna | AK52: Male
A53: 52 | B53: 56 | C53: Yes | G53: 70-79 | H53: 12056 | I53: Own my home | J53: 1 - 2 | K53: 1 | L53: Often | M53: Never | N53: Sometimes | O53: Never | P53: Sometimes | Q53: Sometimes | R53: Never | S53: Sometimes | T53: Often | U53: More than 10 miles | V53: TRUE | W53: Rarely | X53: Often | Y53: Never | Z53: Never | AA53: Often | AB53: Sometimes | AC53: Sometimes | AD53: Always easy | AE53: Good | AF53: Good | AG53: Good | AI53: 0 | AJ53: Duanesburg/Princetown | AK53: Female
A54: 53 | B54: 57 | C54: Yes | G54: 40-49 | H54: 12309 | I54: Own my home | J54: 1 - 2 | K54: 1 | L54: Often | M54: Sometimes | N54: Never | O54: Sometimes | P54: Often | Q54: Sometimes | R54: Often | S54: Never | T54: Sometimes | U54: 1-3 miles | V54: TRUE | W54: Never | X54: Often | Y54: Never | Z54: Never | AA54: Often | AB54: Sometimes | AC54: Sometimes | AD54: Always easy | AE54: Excellent | AF54: Excellent | AG54: Excellent | AH54: This has made me even more aware of my privilege. Looking forward to finding out what the research shows and how we can work together to ensure more access to nutritious food. | AI54: 1 | AJ54: Niskayuna | AK54: Female
A55: 54 | B55: 58 | C55: Yes | G55: 60-69 | H55: 12308 | I55: Own my home | J55: 1 - 2 | K55: 1 | L55: Often | M55: Sometimes | N55: Sometimes | O55: Often | P55: Often | Q55: Sometimes | R55: Never | S55: Sometimes | T55: Sometimes | U55: 1-3 miles | V55: TRUE | W55: Never | X55: Often | Y55: Often | Z55: Never | AA55: Often | AB55: Sometimes | AC55: Sometimes | AD55: Sometimes easy | AE55: Excellent | AF55: Good | AG55: Good | AH55: Quality and ease of getting fresh fruits and veg and fruit is seasonally variable/ | AI55: 1 | AJ55: Northside | AK55: Female
A56: 55 | B56: 59 | C56: Yes | G56: 30-39 | H56: 12302 | I56: Rent my home | J56: 1 - 2 | K56: 1 | L56: Often | M56: Often | N56: Never | O56: Never | P56: Sometimes | Q56: Never | R56: Sometimes | S56: Sometimes | T56: Never | U56: 7-10 miles | V56: FALSE | W56: Never | X56: Often | Y56: Sometimes | Z56: Never | AA56: Often | AB56: Often | AC56: Sometimes | AD56: Usually easy | AE56: Good | AF56: Good | AG56: Good | AI56: 0 | AJ56: Scotia/Glenville | AK56: Female
A57: 56 | B57: 60 | C57: Yes | G57: 60-69 | H57: 12305 | I57: Rent my home | J57: 1 - 2 | K57: 0 | L57: Often | M57: Sometimes | N57: Never | O57: Sometimes | P57: Never | Q57: Never | R57: Never | S57: Never | T57: Sometimes | U57: More than 10 miles | V57: FALSE | W57: Sometimes | X57: Never | Y57: Never | Z57: Never | AA57: Never | AB57: Never | AC57: Never | AD57: Usually easy | AE57: Good | AF57: Good | AG57: Good | AH57: This is a great survey except for the fact that it assumes that everyone eats fruits, grains, and vegetables. Those three food groups are tied to the body's inflammatory response, which is why there are food practices such as the carnivore diet. Unfortunately, meat is expensive and there are no coupons for seniors or anyone else to help with that because it is ASSumed that we ALL need fruits, vegetables, and grains. Another thing that makes this difficult is that meat eaters are assumed to be "evil" and uncaring with regard to the Earth, when in reality, that is simply what works best for our health. Not eating inflammatory foods can eliminate arthritis, osteopenia, and even arrest Type 2 diabetes. So, when you ask about how often we buy fresh/frozen fruits, I had to say "never," which technically, makes little sense when the assumption is that we actually eat fruits/grains/veggies! Accessibility must necessarily consider WHICH foods we are capable of ingesting, as well as cultural preferences (which you do mention), not just fruit, veggies, and grains -- all of which I and many others cannot tolerate. | AI57: 1 | AJ57: Downtown/Stockade | AK57: Female
A58: 57 | B58: 61 | C58: Yes | G58: 50-59 | H58: 12306 | I58: Own my home | J58: 1 - 2 | K58: 0 | L58: Often | M58: Sometimes | N58: Never | O58: Never | P58: Never | Q58: Never | R58: Sometimes | S58: Sometimes | T58: Sometimes | U58: Less than 1 mile | V58: FALSE | W58: Never | X58: Often | Y58: Sometimes | Z58: Sometimes | AA58: Often | AB58: Sometimes | AC58: Sometimes | AD58: Sometimes easy | AE58: Okay | AF58: Good | AG58: Okay | AI58: 0 | AJ58: Rotterdam/Bellevue | AK58: Female
A59: 58 | B59: 62 | C59: No | K59: 0 | V59: FALSE | AI59: 0
A60: 59 | B60: 63 | C60: Yes | G60: 25-29 | H60: 12303 | I60: Own my home | J60: 1 - 2 | K60: 0 | L60: Often | M60: Often | N60: Often | O60: Never | P60: Sometimes | Q60: Often | R60: Often | S60: Often | T60: Sometimes | U60: 1-3 miles | V60: FALSE | W60: Rarely | X60: Often | Y60: Often | Z60: Sometimes | AA60: Often | AB60: Often | AC60: Often | AD60: Usually easy | AE60: Good | AF60: Good | AG60: Good | AI60: 0 | AJ60: Mont Pleasant | AK60: Female
A61: 60 | B61: 64 | C61: Yes | G61: 60-69 | H61: 12309 | I61: Own my home | J61: 1 - 2 | K61: 1 | L61: Often | M61: Sometimes | N61: Never | O61: Sometimes | P61: Sometimes | Q61: Never | R61: Sometimes | S61: Sometimes | T61: Sometimes | U61: 1-3 miles | V61: FALSE | W61: Never | X61: Often | Y61: Often | Z61: Sometimes | AA61: Often | AB61: Often | AC61: Sometimes | AD61: Usually easy | AE61: Good | AF61: Good | AG61: Okay | AI61: 0 | AJ61: Niskayuna | AK61: Female
A62: 61 | B62: 65 | C62: Yes | G62: 70-79 | H62: 12304 | I62: Live with friend who owns the house | J62: 1 - 2 | K62: 1 | L62: Sometimes | M62: Often | N62: Sometimes | O62: Never | P62: Never | Q62: Never | R62: Never | S62: Never | T62: Never | U62: 1-3 miles | V62: TRUE | W62: Never | X62: Sometimes | Y62: Never | Z62: Never | AA62: Sometimes | AB62: Sometimes | AC62: Sometimes | AD62: Always easy | AE62: Good | AF62: Good | AG62: Excellent | AH62: I get deliveries because last year I got sick and could not drive. It's still easier than driving but I will go to the store for limited goods because I have to get them up the stairs. | AI62: 1 | AJ62: Woodlawn | AK62: Female
A63: 62 | B63: 66 | C63: Yes | G63: 40-49 | H63: 12307 | I63: Rent my home | J63: 1 - 2 | K63: 0 | L63: Often | M63: Often | N63: Never | O63: Sometimes | P63: Sometimes | Q63: Sometimes | R63: Sometimes | S63: Sometimes | T63: Sometimes | U63: Less than 1 mile | V63: FALSE | W63: Rarely | X63: Often | Y63: Often | Z63: Often | AA63: Often | AB63: Often | AC63: Often | AD63: Always easy | AE63: Okay | AF63: Good | AG63: Good | AI63: 0 | AJ63: Hamilton Hill/Vale | AK63: Male
A64: 63 | B64: 67 | C64: Yes | G64: 30-39 | H64: 12305 | I64: Rent my home | J64: 1 - 2 | K64: 1 | L64: Often | M64: Sometimes | N64: Sometimes | O64: Sometimes | P64: Often | Q64: Sometimes | R64: Sometimes | S64: Sometimes | T64: Sometimes | U64: 1-3 miles | V64: TRUE | W64: Never | X64: Often | Y64: Often | Z64: Never | AA64: Often | AB64: Sometimes | AC64: Never | AD64: Usually easy | AE64: Good | AF64: Good | AG64: Good | AI64: 0 | AJ64: Downtown/Stockade | AK64: Male
A65: 64 | B65: 68 | C65: Yes | G65: 25-29 | H65: 12303 | I65: Staying with friends/family temporarily | J65: 5 - 6 | K65: 0 | L65: Sometimes | M65: Sometimes | N65: Never | O65: Never | P65: Sometimes | Q65: Never | R65: Sometimes | S65: Sometimes | T65: Never | U65: 1-3 miles | V65: FALSE | W65: Sometimes | X65: Often | Y65: Often | Z65: Often | AA65: Often | AB65: Often | AC65: Often | AD65: Usually easy | AE65: Excellent | AF65: Good | AG65: Poor | AI65: 0 | AJ65: Mont Pleasant | AK65: Female
A66: 65 | B66: 69 | C66: Yes | G66: 60-69 | H66: 12027 | I66: Own my home | J66: 1 - 2 | K66: 1 | L66: Often | M66: Sometimes | N66: Never | O66: Never | P66: Sometimes | Q66: Never | R66: Sometimes | S66: Sometimes | T66: Sometimes | U66: 4-6 miles | V66: TRUE | W66: Never | X66: Often | Y66: Never | Z66: Sometimes | AA66: Often | AB66: Sometimes | AC66: Never | AD66: Usually easy | AE66: Good | AF66: Good | AG66: Good | AI66: 0 | AJ66: Scotia/Glenville | AK66: Female
A67: 66 | B67: 70 | C67: Yes | G67: 50-59 | H67: 12304 | I67: Staying with friends/family temporarily | J67: 5 - 6 | K67: 0 | L67: Sometimes | M67: Never | N67: Sometimes | O67: Never | P67: Sometimes | Q67: Sometimes | R67: Never | S67: Never | T67: Never | U67: 1-3 miles | V67: FALSE | W67: Often | X67: Often | Y67: Often | Z67: Sometimes | AA67: Often | AB67: Often | AC67: Sometimes | AD67: Sometimes easy | AE67: Okay | AF67: Okay | AG67: Okay | AH67: Love our communities' initiatives! Thank you! | AI67: 1 | AJ67: Woodlawn | AK67: Female
A68: 67 | B68: 71 | C68: Yes | G68: 40-49 | H68: 12306 | I68: Own my home | J68: 3 - 4 | K68: 1 | L68: Often | M68: Often | N68: Never | O68: Never | P68: Sometimes | Q68: Never | R68: Sometimes | S68: Sometimes | T68: Never | U68: 4-6 miles | V68: FALSE | W68: Never | X68: Often | Y68: Never | Z68: Sometimes | AA68: Often | AB68: Sometimes | AC68: Sometimes | AD68: Usually easy | AE68: Good | AF68: Good | AG68: Good | AI68: 0 | AJ68: Rotterdam/Bellevue | AK68: Female
A69: 68 | B69: 72 | C69: Yes | G69: 50-59 | H69: 12305 | I69: Rent my home | J69: 1 - 2 | K69: 1 | L69: Often | M69: Sometimes | N69: Never | O69: Sometimes | P69: Often | Q69: Sometimes | R69: Sometimes | S69: Never | T69: Never | U69: 4-6 miles | V69: TRUE | W69: Never | X69: Often | Y69: Sometimes | Z69: Never | AA69: Often | AB69: Often | AC69: Never | AD69: Usually easy | AE69: Good | AF69: Good | AG69: Good | AH69: I am filling this out not because I have trouble accessing food., but because it should be closer and easier. I am lucky enough to have my own transportation and enough money to eat what I want. I live in downtown Schenectady where everything, except a grocery store, is within walking distance. The farmer's market comes downtown once a week but that is very seasonal in their offerings, and there is no longer a dairy that comes to the market. Sometimes a local farmer just doesn't have everything year-round., when they are out of something, it is not coming back until next year. I would also love to be able to use my car less. | AI69: 1 | AJ69: Downtown/Stockade | AK69: Female
A70: 69 | B70: 73 | C70: Yes | G70: 60-69 | H70: 12309 | I70: Own my home | J70: 3 - 4 | K70: 1 | L70: Often | M70: Sometimes | N70: Never | O70: Sometimes | P70: Sometimes | Q70: Sometimes | R70: Never | S70: Sometimes | T70: Never | U70: 4-6 miles | V70: TRUE | W70: Never | X70: Often | Y70: Sometimes | Z70: Sometimes | AA70: Often | AB70: Sometimes | AC70: Sometimes | AD70: Always easy | AE70: Good | AF70: Good | AG70: Excellent | AI70: 0 | AJ70: Niskayuna | AK70: Female
A71: 70 | B71: 74 | C71: Yes | G71: 40-49 | H71: 12309 | I71: Own my home | J71: 1 - 2 | K71: 1 | L71: Often | M71: Sometimes | N71: Sometimes | O71: Often | P71: Sometimes | Q71: Sometimes | R71: Often | S71: Often | T71: Often | U71: 1-3 miles | V71: FALSE | W71: Rarely | X71: Often | Y71: Sometimes | Z71: Often | AA71: Often | AB71: Sometimes | AC71: Often | AD71: Usually easy | AE71: Good | AF71: Good | AG71: Good | AI71: 0 | AJ71: Niskayuna | AK71: Female
A72: 71 | B72: 75 | C72: Yes | G72: 50-59 | H72: 12027 | I72: Own my home | J72: 1 - 2 | K72: 1 | L72: Often | M72: Sometimes | N72: Sometimes | O72: Never | P72: Sometimes | Q72: Never | R72: Sometimes | S72: Sometimes | T72: Sometimes | U72: 4-6 miles | V72: TRUE | W72: Never | X72: Often | Y72: Sometimes | Z72: Never | AA72: Often | AB72: Sometimes | AC72: Never | AD72: Usually easy | AE72: Excellent | AF72: Good | AG72: Good | AI72: 0 | AJ72: Scotia/Glenville | AK72: Female
A73: 72 | B73: 76 | C73: Yes | G73: 40-49 | H73: 12302 | I73: Own my home | J73: 3 - 4 | K73: 1 | L73: Often | M73: Sometimes | N73: Sometimes | O73: Never | P73: Sometimes | Q73: Sometimes | R73: Sometimes | S73: Sometimes | T73: Sometimes | U73: 4-6 miles | V73: FALSE | W73: Never | X73: Often | Y73: Never | Z73: Never | AA73: Often | AB73: Often | AC73: Sometimes | AD73: Usually easy | AE73: Excellent | AF73: Good | AG73: Good | AI73: 0 | AJ73: Scotia/Glenville | AK73: Female
A74: 73 | B74: 77 | C74: No | K74: 0 | V74: FALSE | AI74: 0
A75: 74 | B75: 78 | C75: Yes | G75: 18-24 | H75: 12302 | I75: Staying with friends/family temporarily | J75: 1 - 2 | K75: 1 | L75: Often | M75: Often | N75: Sometimes | O75: Never | P75: Sometimes | Q75: Never | R75: Often | S75: Often | T75: Often | U75: 1-3 miles | V75: FALSE | W75: Never | X75: Often | Y75: Sometimes | Z75: Never | AA75: Sometimes | AB75: Sometimes | AC75: Sometimes | AD75: Usually easy | AE75: Excellent | AF75: Good | AG75: Excellent | AI75: 0 | AJ75: Scotia/Glenville | AK75: Female
A76: 75 | B76: 79 | C76: Yes | G76: 30-39 | H76: 12306 | I76: Employer owned housing | J76: 1 - 2 | K76: 1 | L76: Often | M76: Never | N76: Never | O76: Sometimes | P76: Never | Q76: Never | R76: Never | S76: Never | T76: Sometimes | U76: 1-3 miles | V76: TRUE | W76: Never | X76: Often | Y76: Sometimes | Z76: Never | AA76: Often | AB76: Sometimes | AC76: Never | AD76: Usually easy | AE76: Excellent | AF76: Excellent | AG76: Excellent | AH76: We need to grow how all our various food access points bring people together to change the unjust systems that perpetuate nutrition insecurity. | AI76: 1 | AJ76: Rotterdam/Bellevue | AK76: Male
A77: 76 | B77: 80 | C77: Yes | G77: 70-79 | H77: 12304 | I77: Own my home | J77: 1 - 2 | K77: 0 | L77: Sometimes | M77: Sometimes | N77: Never | O77: Sometimes | P77: Sometimes | Q77: Never | R77: Never | S77: Sometimes | T77: Sometimes | U77: 1-3 miles | V77: FALSE | W77: Sometimes | X77: Often | Y77: Often | Z77: Never | AA77: Often | AB77: Often | AC77: Never | AD77: Usually easy | AE77: Good | AF77: Okay | AG77: Okay | AH77: Schenectady green market food box program is excellent for non driving Seniors. Co op market also has delivery now. | AI77: 1 | AJ77: Woodlawn | AK77: Female
A78: 77 | B78: 81 | C78: Yes | G78: 50-59 | H78: 12304 | I78: Own my home | J78: 1 - 2 | K78: 1 | L78: Often | M78: Often | N78: Sometimes | O78: Never | P78: Sometimes | Q78: Sometimes | R78: Never | S78: Often | T78: Sometimes | U78: 1-3 miles | V78: FALSE | W78: Never | X78: Often | Y78: Sometimes | Z78: Sometimes | AA78: Often | AB78: Often | AC78: Sometimes | AD78: Sometimes easy | AE78: Good | AF78: Excellent | AG78: Good | AI78: 0 | AJ78: Woodlawn | AK78: Female
A79: 78 | B79: 82 | C79: Yes | G79: 50-59 | H79: 12309 | I79: Own my home | J79: 3 - 4 | K79: 1 | L79: Often | M79: Sometimes | N79: Often | O79: Sometimes | P79: Sometimes | Q79: Sometimes | R79: Sometimes | S79: Sometimes | T79: Sometimes | U79: 1-3 miles | V79: TRUE | W79: Never | X79: Often | Y79: Often | Z79: Never | AA79: Often | AB79: Often | AC79: Sometimes | AD79: Always easy | AE79: Excellent | AF79: Good | AG79: Excellent | AI79: 0 | AJ79: Niskayuna | AK79: Female
A80: 79 | B80: 83 | C80: Yes | G80: 25-29 | H80: 12303 | I80: Rent my home | J80: 1 - 2 | K80: 1 | L80: Often | M80: Sometimes | N80: Never | O80: Never | P80: Never | Q80: Never | R80: Sometimes | S80: Sometimes | T80: Sometimes | U80: Less than 1 mile | V80: FALSE | W80: Never | X80: Often | Y80: Often | Z80: Never | AA80: Often | AB80: Sometimes | AC80: Never | AD80: Always easy | AE80: Good | AF80: Good | AG80: Good | AI80: 0 | AJ80: Mont Pleasant | AK80: Female
A81: 80 | B81: 84 | C81: Yes | G81: 60-69 | H81: 12309 | I81: Own my home | J81: 1 - 2 | K81: 1 | L81: Often | M81: Often | N81: Never | O81: Sometimes | P81: Sometimes | Q81: Never | R81: Never | S81: Sometimes | T81: Sometimes | U81: 4-6 miles | V81: TRUE | W81: Never | X81: Often | Y81: Sometimes | Z81: Never | AA81: Often | AB81: Sometimes | AC81: Sometimes | AD81: Always easy | AE81: Excellent | AF81: Excellent | AG81: Excellent | AH81: Iwe buy the sale items weekly. We stock up on can and frozen foods when on sale. We also buy ahead on meats and bread and freeze them when on sale. We use coupons too | AI81: 1 | AJ81: Niskayuna | AK81: Female
A82: 81 | B82: 85 | C82: Yes | G82: 70-79 | H82: 12304 | I82: Own my home | J82: 1 - 2 | K82: 1 | L82: Often | M82: Sometimes | N82: Never | O82: Sometimes | P82: Sometimes | Q82: Sometimes | R82: Never | S82: Never | T82: Sometimes | U82: Less than 1 mile | V82: TRUE | W82: Never | X82: Often | Y82: Never | Z82: Never | AA82: Often | AB82: Sometimes | AC82: Never | AD82: Usually easy | AE82: Good | AF82: Good | AG82: Good | AI82: 0 | AJ82: Woodlawn | AK82: Female
A83: 82 | B83: 86 | C83: Yes | G83: 60-69 | H83: 12309 | I83: Own my home | J83: 3 - 4 | K83: 1 | L83: Often | M83: Sometimes | N83: Often | O83: Sometimes | P83: Sometimes | Q83: Sometimes | R83: Sometimes | S83: Sometimes | T83: Sometimes | U83: 1-3 miles | V83: TRUE | W83: Rarely | X83: Often | Y83: Often | Z83: Never | AA83: Often | AB83: Sometimes | AC83: Never | AD83: Always easy | AE83: Excellent | AF83: Excellent | AG83: Excellent | AI83: 0 | AJ83: Niskayuna | AK83: Male
A84: 83 | B84: 87 | C84: Yes | G84: 50-59 | H84: 12308 | I84: Own my home | J84: 1 - 2 | K84: 0 | L84: Often | M84: Often | N84: Sometimes | O84: Often | P84: Often | Q84: Never | R84: Never | S84: Often | T84: Often | U84: 1-3 miles | V84: FALSE | W84: Never | X84: Often | Y84: Never | Z84: Sometimes | AA84: Often | AB84: Often | AC84: Sometimes | AD84: Sometimes easy | AE84: Okay | AF84: Good | AG84: Okay | AI84: 0 | AJ84: Northside | AK84: Female
A85: 84 | B85: 88 | C85: Yes | G85: 60-69 | H85: 12303 | I85: Own my home | J85: 3 - 4 | K85: 0 | L85: Sometimes | M85: Sometimes | N85: Never | O85: Never | P85: Sometimes | Q85: Never | R85: Never | S85: Sometimes | T85: Sometimes | U85: 1-3 miles | V85: FALSE | W85: Rarely | X85: Sometimes | Y85: Sometimes | Z85: Sometimes | AA85: Sometimes | AB85: Sometimes | AC85: Sometimes | AD85: Usually easy | AE85: Good | AF85: Good | AG85: Okay | AI85: 0 | AJ85: Mont Pleasant | AK85: Female
A86: 85 | B86: 89 | C86: Yes | G86: 70-79 | H86: 12308 | I86: Own my home | J86: 1 - 2 | K86: 1 | L86: Often | M86: Often | N86: Never | O86: Sometimes | P86: Sometimes | Q86: Never | R86: Never | S86: Sometimes | T86: Sometimes | U86: 7-10 miles | V86: FALSE | W86: Sometimes | X86: Often | Y86: Often | Z86: Never | AA86: Often | AB86: Often | AC86: Never | AD86: Sometimes easy | AE86: Poor | AF86: Okay | AG86: Poor | AH86: I'm on a fixed income and the Co-opt is so costly. | AI86: 1 | AJ86: Northside | AK86: Female
A87: 86 | B87: 90 | C87: Yes | G87: 25-29 | H87: 12305 | I87: Rent my home | J87: 3 - 4 | K87: 1 | L87: Sometimes | M87: Sometimes | N87: Never | O87: Never | P87: Often | Q87: Often | R87: Often | S87: Often | T87: Never | U87: 1-3 miles | V87: FALSE | W87: Sometimes | X87: Often | Y87: Never | Z87: Never | AA87: Often | AB87: Sometimes | AC87: Often | AD87: Sometimes easy | AE87: Okay | AF87: Poor | AG87: Okay | AH87: Thank you for this survey! | AI87: 1 | AJ87: Downtown/Stockade | AK87: Female
A88: 87 | B88: 91 | C88: Yes | G88: 60-69 | H88: 12303 | I88: Rent my home | J88: 3 - 4 | K88: 0 | L88: Sometimes | M88: Often | N88: Never | O88: Never | P88: Sometimes | Q88: Sometimes | R88: Sometimes | S88: Sometimes | T88: Sometimes | U88: 7-10 miles | V88: FALSE | W88: Sometimes | X88: Often | Y88: Never | Z88: Never | AA88: Often | AB88: Sometimes | AC88: Never | AD88: Sometimes easy | AE88: Okay | AF88: Okay | AG88: Okay | AI88: 0 | AJ88: Mont Pleasant | AK88: Female
A89: 88 | B89: 92 | C89: Yes | G89: 60-69 | H89: 12305 | I89: Rent my home | J89: 1 - 2 | K89: 1 | L89: Often | M89: Sometimes | N89: Never | O89: Sometimes | P89: Sometimes | Q89: Never | R89: Sometimes | S89: Often | T89: Never | U89: 4-6 miles | V89: FALSE | W89: Never | X89: Sometimes | Y89: Sometimes | Z89: Never | AA89: Often | AB89: Sometimes | AC89: Sometimes | AD89: Sometimes easy | AE89: Okay | AF89: Okay | AG89: Okay | AI89: 0 | AJ89: Downtown/Stockade | AK89: Female
A90: 89 | B90: 93 | C90: Yes | G90: 60-69 | H90: 12303 | I90: Currently unhoused | J90: 1 - 2 | K90: 0 | L90: Sometimes | M90: Often | N90: Never | O90: Never | P90: Never | Q90: Never | R90: Often | S90: Often | T90: Sometimes | U90: 1-3 miles | V90: FALSE | W90: Sometimes | X90: Often | Y90: Sometimes | Z90: Sometimes | AA90: Often | AB90: Sometimes | AC90: Sometimes | AD90: Sometimes easy | AE90: Good | AF90: Good | AG90: Poor | AH90: I can obtain food in my neighorhood, but it's usually not the healthiest ,and a very limited variety of overpriced fresh produce. | AI90: 1 | AJ90: Mont Pleasant | AK90: Female
A91: 90 | B91: 94 | C91: Yes | G91: 30-39 | H91: 12308 | I91: Rent my home | J91: 1 - 2 | K91: 0 | L91: Often | M91: Often | N91: Never | O91: Never | P91: Never | Q91: Often | R91: Often | S91: Often | T91: Sometimes | U91: 1-3 miles | V91: FALSE | W91: Sometimes | X91: Often | Y91: Never | Z91: Sometimes | AA91: Often | AB91: Never | AC91: Sometimes | AD91: Sometimes easy | AE91: Good | AF91: Good | AG91: Okay | AI91: 0 | AJ91: Northside | AK91: Female
A92: 91 | B92: 95 | C92: Yes | G92: 50-59 | H92: 12308 | I92: Rent my home | J92: 3 - 4 | K92: 0 | L92: Often | M92: Sometimes | N92: Never | O92: Sometimes | P92: Sometimes | Q92: Never | R92: Sometimes | S92: Sometimes | T92: Never | U92: More than 10 miles | V92: FALSE | W92: Sometimes | X92: Often | Y92: Sometimes | Z92: Sometimes | AA92: Often | AB92: Sometimes | AC92: Often | AD92: Rarely easy | AE92: Okay | AF92: Good | AG92: Good | AH92: Thank you for the PG Wright Food Pantry they're a big help | AI92: 1 | AJ92: Northside | AK92: Female
A93: 92 | B93: 96 | C93: Yes | G93: 50-59 | H93: 12308 | I93: Rent my home | J93: 3 - 4 | K93: 0 | L93: Sometimes | M93: Often | N93: Sometimes | O93: Never | P93: Never | Q93: Never | R93: Sometimes | S93: Often | T93: Never | U93: 1-3 miles | V93: FALSE | W93: Rarely | X93: Often | Y93: Sometimes | Z93: Sometimes | AA93: Often | AB93: Often | AC93: Often | AD93: Sometimes easy | AE93: Okay | AF93: Okay | AG93: Okay | AI93: 0 | AJ93: Northside | AK93: Male
A94: 93 | B94: 97 | C94: Yes | G94: 60-69 | H94: 12308 | I94: Rent my home | J94: 1 - 2 | K94: 0 | L94: Sometimes | M94: Sometimes | N94: Never | O94: Never | P94: Never | Q94: Never | R94: Never | S94: Often | T94: Never | U94: 4-6 miles | V94: FALSE | W94: Always | X94: Sometimes | Y94: Often | Z94: Never | AA94: Often | AB94: Sometimes | AC94: Sometimes | AD94: Never easy | AE94: Poor | AF94: Okay | AG94: Okay | AI94: 0 | AJ94: Northside | AK94: Male
A95: 94 | B95: 98 | C95: Yes | G95: 60-69 | H95: 12308 | I95: Rent my home | J95: 1 - 2 | K95: 0 | L95: Sometimes | M95: Sometimes | N95: Never | O95: Never | P95: Sometimes | Q95: Never | R95: Sometimes | S95: Often | T95: Often | U95: 4-6 miles | V95: FALSE | W95: Sometimes | X95: Sometimes | Y95: Sometimes | Z95: Sometimes | AA95: Sometimes | AB95: Sometimes | AC95: Sometimes | AD95: Sometimes easy | AE95: Okay | AF95: Okay | AG95: Good | AI95: 0 | AJ95: Northside | AK95: Male
A96: 95 | B96: 99 | C96: Yes | G96: 60-69 | H96: 12308 | I96: Staying with friends/family temporarily | J96: 1 - 2 | K96: 1 | L96: Sometimes | M96: Sometimes | N96: Never | O96: Never | P96: Sometimes | Q96: Never | R96: Never | S96: Sometimes | T96: Never | U96: 1-3 miles | V96: FALSE | W96: Sometimes | X96: Often | Y96: Sometimes | Z96: Sometimes | AA96: Often | AB96: Often | AC96: Sometimes | AD96: Sometimes easy | AE96: Good | AF96: Excellent | AG96: Okay | AI96: 0 | AJ96: Northside | AK96: Male
A97: 96 | B97: 100 | C97: Yes | G97: 60-69 | H97: 12308 | I97: Rent my home | J97: 3 - 4 | K97: 0 | L97: Often | M97: Often | N97: Never | O97: Never | P97: Sometimes | Q97: Sometimes | R97: Often | S97: Often | T97: Never | U97: 1-3 miles | V97: FALSE | W97: Often | X97: Often | Y97: Sometimes | Z97: Often | AA97: Sometimes | AB97: Often | AC97: Sometimes | AD97: Never easy | AE97: Good | AF97: Okay | AG97: Poor | AI97: 0 | AJ97: Northside | AK97: Male
A98: 97 | B98: 101 | C98: Yes | G98: 30-39 | H98: 12305 | I98: Living in a shelter | J98: 1 - 2 | K98: 0 | L98: Sometimes | M98: Sometimes | N98: Never | O98: Never | P98: Never | Q98: Never | R98: Sometimes | S98: Sometimes | T98: Never | U98: Less than 1 mile | V98: FALSE | W98: Sometimes | X98: Sometimes | Y98: Sometimes | Z98: Never | AA98: Sometimes | AB98: Sometimes | AC98: Never | AD98: Usually easy | AE98: Okay | AF98: Good | AG98: Good | AI98: 0 | AJ98: Downtown/Stockade | AK98: Male
A99: 98 | B99: 102 | C99: Yes | G99: 30-39 | H99: 12308 | I99: Rent my home | J99: 3 - 4 | K99: 0 | L99: Often | M99: Often | N99: Never | O99: Never | P99: Never | Q99: Never | R99: Often | S99: Often | T99: Never | U99: 1-3 miles | V99: FALSE | W99: Always | X99: Often | Y99: Often | Z99: Often | AA99: Often | AB99: Sometimes | AC99: Often | AD99: Sometimes easy | AE99: Okay | AF99: Okay | AG99: Okay | AI99: 0 | AJ99: Northside | AK99: Female
A100: 99 | B100: 103 | C100: Yes | G100: 40-49 | H100: 12308 | I100: Rent my home | J100: 1 - 2 | K100: 0 | L100: Sometimes | M100: Sometimes | N100: Never | O100: Never | P100: Sometimes | Q100: Never | R100: Sometimes | S100: Sometimes | T100: Never | U100: 4-6 miles | V100: FALSE | W100: Always | X100: Sometimes | Y100: Sometimes | Z100: Sometimes | AA100: Sometimes | AB100: Sometimes | AC100: Sometimes | AD100: Rarely easy | AE100: Okay | AF100: Okay | AG100: Okay | AI100: 0 | AJ100: Northside | AK100: Female
...

Sheet 1 Read Me
A1: SEATS Food Access Survey Annex
A2: Guide to the supporting survey tables. All analytical tabs filter to Eligibility = Yes.
A4: Survey Scope | B4: Total Count | C4: Total Percent | D4: How to use these tabs
A5: Total records | B5: =COUNTA('Master Data'!B2:B961) -> 960 | D5: Start with Respondent Profile and Geography to understand who participated. Then use Shopping Sources, Access & Barriers, Food Availability, and Experience Ratings for report findings. Community Comments contains verbatim eligible responses. Data Quality Notes documents data limitations.
A6: Eligible responses | B6: =COUNTIF('Master Data'!C2:C961,"Yes") -> 943
A7: Reporting Assistance (K = 0) | B7: =COUNTIFS('Master Data'!C2:C961,"Yes",'Master Data'!K2:K961,0) -> 592 | C7: =B7/B6 -> 0.62778367
A11: Interpretation note: percentages describe survey respondents and should not be presented as population prevalence.

Sheet 2 Respondent Profile
A1: SEATS Respondent Profile
A2: Age, household size, housing, and gender among eligible respondents.
A4: Age | B4: Total Count | C4: Total Percent | D4: Reporting Assistance Count | E4: Reporting Assistance Percent | G4: Household Size | H4: Total Count | I4: Total Percent | J4: Reporting Assistance Count | K4: Reporting Assistance Percent
A5: 18-24 | B5: =COUNTIFS('Master Data'!$C$2:$C$961,"Yes",'Master Data'!$G$2:$G$961,A5) -> 58 | C5: =B5/COUNTIF('Master Data'!$C$2:$C$961,"Yes") -> 0.061505832 | D5: =COUNTIFS('Master Data'!$C$2:$C$961,"Yes",'Master Data'!$K$2:$K$961,0,'Master Data'!$G$2:$G$961,A5) -> 33 | E5: =D5/COUNTIF('Master Data'!$C$2:$C$961,"Yes") -> 0.034994698 | G5: 1 - 2 | H5: =COUNTIFS('Master Data'!$C$2:$C$961,"Yes",'Master Data'!$J$2:$J$961,G5) -> 515 | I5: =H5/COUNTIF('Master Data'!$C$2:$C$961,"Yes") -> 0.54612937 | J5: =COUNTIFS('Master Data'!$C$2:$C$961,"Yes",'Master Data'!$K$2:$K$961,0,'Master Data'!$J$2:$J$961,G5) -> 318 | K5: =J5/COUNTIF('Master Data'!$C$2:$C$961,"Yes") -> 0.33722163
A6: 25-29 | B6: =COUNTIFS('Master Data'!$C$2:$C$961,"Yes",'Master Data'!$G$2:$G$961,A6) -> 63 | C6: =B6/COUNTIF('Master Data'!$C$2:$C$961,"Yes") -> 0.066808059 | D6: =COUNTIFS('Master Data'!$C$2:$C$961,"Yes",'Master Data'!$K$2:$K$961,0,'Master Data'!$G$2:$G$961,A6) -> 35 | E6: =D6/COUNTIF('Master Data'!$C$2:$C$961,"Yes") -> 0.037115589 | G6: 3 - 4 | H6: =COUNTIFS('Master Data'!$C$2:$C$961,"Yes",'Master Data'!$J$2:$J$961,G6) -> 276 | I6: =H6/COUNTIF('Master Data'!$C$2:$C$961,"Yes") -> 0.29268293 | J6: =COUNTIFS('Master Data'!$C$2:$C$961,"Yes",'Master Data'!$K$2:$K$961,0,'Master Data'!$J$2:$J$961,G6) -> 165 | K6: =J6/COUNTIF('Master Data'!$C$2:$C$961,"Yes") -> 0.17497349
A7: 30-39 | B7: =COUNTIFS('Master Data'!$C$2:$C$961,"Yes",'Master Data'!$G$2:$G$961,A7) -> 181 | C7: =B7/COUNTIF('Master Data'!$C$2:$C$961,"Yes") -> 0.19194062 | D7: =COUNTIFS('Master Data'!$C$2:$C$961,"Yes",'Master Data'!$K$2:$K$961,0,'Master Data'!$G$2:$G$961,A7) -> 116 | E7: =D7/COUNTIF('Master Data'!$C$2:$C$961,"Yes") -> 0.12301166 | G7: 5 - 6 | H7: =COUNTIFS('Master Data'!$C$2:$C$961,"Yes",'Master Data'!$J$2:$J$961,G7) -> 92 | I7: =H7/COUNTIF('Master Data'!$C$2:$C$961,"Yes") -> 0.097560976 | J7: =COUNTIFS('Master Data'!$C$2:$C$961,"Yes",'Master Data'!$K$2:$K$961,0,'Master Data'!$J$2:$J$961,G7) -> 62 | K7: =J7/COUNTIF('Master Data'!$C$2:$C$961,"Yes") -> 0.065747614
A8: 40-49 | B8: =COUNTIFS('Master Data'!$C$2:$C$961,"Yes",'Master Data'!$G$2:$G$961,A8) -> 173 | C8: =B8/COUNTIF('Master Data'!$C$2:$C$961,"Yes") -> 0.18345705 | D8: =COUNTIFS('Master Data'!$C$2:$C$961,"Yes",'Master Data'!$K$2:$K$961,0,'Master Data'!$G$2:$G$961,A8) -> 103 | E8: =D8/COUNTIF('Master Data'!$C$2:$C$961,"Yes") -> 0.10922587 | G8: 7+ | H8: =COUNTIFS('Master Data'!$C$2:$C$961,"Yes",'Master Data'!$J$2:$J$961,G8) -> 30 | I8: =H8/COUNTIF('Master Data'!$C$2:$C$961,"Yes") -> 0.031813362 | J8: =COUNTIFS('Master Data'!$C$2:$C$961,"Yes",'Master Data'!$K$2:$K$961,0,'Master Data'!$J$2:$J$961,G8) -> 27 | K8: =J8/COUNTIF('Master Data'!$C$2:$C$961,"Yes") -> 0.028632025
A9: 50-59 | B9: =COUNTIFS('Master Data'!$C$2:$C$961,"Yes",'Master Data'!$G$2:$G$961,A9) -> 167 | C9: =B9/COUNTIF('Master Data'!$C$2:$C$961,"Yes") -> 0.17709438 | D9: =COUNTIFS('Master Data'!$C$2:$C$961,"Yes",'Master Data'!$K$2:$K$961,0,'Master Data'!$G$2:$G$961,A9) -> 107 | E9: =D9/COUNTIF('Master Data'!$C$2:$C$961,"Yes") -> 0.11346766 | G9: Does not apply to me | H9: =COUNTIFS('Master Data'!$C$2:$C$961,"Yes",'Master Data'!$J$2:$J$961,G9) -> 30 | I9: =H9/COUNTIF('Master Data'!$C$2:$C$961,"Yes") -> 0.031813362 | J9: =COUNTIFS('Master Data'!$C$2:$C$961,"Yes",'Master Data'!$K$2:$K$961,0,'Master Data'!$J$2:$J$961,G9) -> 20 | K9: =J9/COUNTIF('Master Data'!$C$2:$C$961,"Yes") -> 0.021208908
A10: 60-69 | B10: =COUNTIFS('Master Data'!$C$2:$C$961,"Yes",'Master Data'!$G$2:$G$961,A10) -> 187 | C10: =B10/COUNTIF('Master Data'!$C$2:$C$961,"Yes") -> 0.19830329 | D10: =COUNTIFS('Master Data'!$C$2:$C$961,"Yes",'Master Data'!$K$2:$K$961,0,'Master Data'!$G$2:$G$961,A10) -> 132 | E10: =D10/COUNTIF('Master Data'!$C$2:$C$961,"Yes") -> 0.13997879
A11: 70-79 | B11: =COUNTIFS('Master Data'!$C$2:$C$961,"Yes",'Master Data'!$G$2:$G$961,A11) -> 92 | C11: =B11/COUNTIF('Master Data'!$C$2:$C$961,"Yes") -> 0.097560976 | D11: =COUNTIFS('Master Data'!$C$2:$C$961,"Yes",'Master Data'!$K$2:$K$961,0,'Master Data'!$G$2:$G$961,A11) -> 52 | E11: =D11/COUNTIF('Master Data'!$C$2:$C$961,"Yes") -> 0.05514316
A12: 80 or older | B12: =COUNTIFS('Master Data'!$C$2:$C$961,"Yes",'Master Data'!$G$2:$G$961,A12) -> 22 | C12: =B12/COUNTIF('Master Data'!$C$2:$C$961,"Yes") -> 0.023329799 | D12: =COUNTIFS('Master Data'!$C$2:$C$961,"Yes",'Master Data'!$K$2:$K$961,0,'Master Data'!$G$2:$G$961,A12) -> 14 | E12: =D12/COUNTIF('Master Data'!$C$2:$C$961,"Yes") -> 0.014846235
A16: Housing | B16: Total Count | C16: Total Percent | D16: Reporting Assistance Count | E16: Reporting Assistance Percent | G16: Gender Reporting | H16: Total Count | I16: Total Percent | J16: Reporting Assistance Count | K16: Reporting Assistance Percent
A17: Rent my home | B17: =COUNTIFS('Master Data'!$C$2:$C$961,"Yes",'Master Data'!$I$2:$I$961,A17) -> 446 | C17: =B17/COUNTIF('Master Data'!$C$2:$C$961,"Yes") -> 0.47295864 | D17: =COUNTIFS('Master Data'!$C$2:$C$961,"Yes",'Master Data'!$K$2:$K$961,0,'Master Data'!$I$2:$I$961,A17) -> 340 | E17: =D17/COUNTIF('Master Data'!$C$2:$C$961,"Yes") -> 0.36055143 | G17: Female | H17: =COUNTIFS('Master Data'!$C$2:$C$961,"Yes",'Master Data'!$AK$2:$AK$961,G17) -> 654 | I17: =H17/COUNTIF('Master Data'!$C$2:$C$961,"Yes") -> 0.69353128 | J17: =COUNTIFS('Master Data'!$C$2:$C$961,"Yes",'Master Data'!$K$2:$K$961,0,'Master Data'!$AK$2:$AK$961,G17) -> 390 | K17: =J17/COUNTIF('Master Data'!$C$2:$C$961,"Yes") -> 0.4135737
A18: Own my home | B18: =COUNTIFS('Master Data'!$C$2:$C$961,"Yes",'Master Data'!$I$2:$I$961,A18) -> 324 | C18: =B18/COUNTIF('Master Data'!$C$2:$C$961,"Yes") -> 0.34358431 | D18: =COUNTIFS('Master Data'!$C$2:$C$961,"Yes",'Master Data'!$K$2:$K$961,0,'Master Data'!$I$2:$I$961,A18) -> 110 | E18: =D18/COUNTIF('Master Data'!$C$2:$C$961,"Yes") -> 0.11664899 | G18: Male | H18: =COUNTIFS('Master Data'!$C$2:$C$961,"Yes",'Master Data'!$AK$2:$AK$961,G18) -> 238 | I18: =H18/COUNTIF('Master Data'!$C$2:$C$961,"Yes") -> 0.252386 | J18: =COUNTIFS('Master Data'!$C$2:$C$961,"Yes",'Master Data'!$K$2:$K$961,0,'Master Data'!$AK$2:$AK$961,G18) -> 163 | K18: =J18/COUNTIF('Master Data'!$C$2:$C$961,"Yes") -> 0.1728526
A19: Staying with friends/family temporarily | B19: =COUNTIFS('Master Data'!$C$2:$C$961,"Yes",'Master Data'!$I$2:$I$961,A19) -> 67 | C19: =B19/COUNTIF('Master Data'!$C$2:$C$961,"Yes") -> 0.071049841 | D19: =COUNTIFS('Master Data'!$C$2:$C$961,"Yes",'Master Data'!$K$2:$K$961,0,'Master Data'!$I$2:$I$961,A19) -> 45 | E19: =D19/COUNTIF('Master Data'!$C$2:$C$961,"Yes") -> 0.047720042 | G19: Non-binary | H19: =COUNTIFS('Master Data'!$C$2:$C$961,"Yes",'Master Data'!$AK$2:$AK$961,G19) -> 15 | I19: =H19/COUNTIF('Master Data'!$C$2:$C$961,"Yes") -> 0.015906681 | J19: =COUNTIFS('Master Data'!$C$2:$C$961,"Yes",'Master Data'!$K$2:$K$961,0,'Master Data'!$AK$2:$AK$961,G19) -> 8 | K19: =J19/COUNTIF('Master Data'!$C$2:$C$961,"Yes") -> 0.0084835631
A20: Living in a shelter | B20: =COUNTIFS('Master Data'!$C$2:$C$961,"Yes",'Master Data'!$I$2:$I$961,A20) -> 29 | C20: =B20/COUNTIF('Master Data'!$C$2:$C$961,"Yes") -> 0.030752916 | D20: =COUNTIFS('Master Data'!$C$2:$C$961,"Yes",'Master Data'!$K$2:$K$961,0,'Master Data'!$I$2:$I$961,A20) -> 28 | E20: =D20/COUNTIF('Master Data'!$C$2:$C$961,"Yes") -> 0.029692471 | G20: Transgender | H20: =COUNTIFS('Master Data'!$C$2:$C$961,"Yes",'Master Data'!$AK$2:$AK$961,G20) -> 4 | I20: =H20/COUNTIF('Master Data'!$C$2:$C$961,"Yes") -> 0.0042417815 | J20: =COUNTIFS('Master Data'!$C$2:$C$961,"Yes",'Master Data'!$K$2:$K$961,0,'Master Data'!$AK$2:$AK$961,G20) -> 1 | K20: =J20/COUNTIF('Master Data'!$C$2:$C$961,"Yes") -> 0.0010604454
A21: Currently unhoused | B21: =COUNTIFS('Master Data'!$C$2:$C$961,"Yes",'Master Data'!$I$2:$I$961,A21) -> 13 | C21: =B21/COUNTIF('Master Data'!$C$2:$C$961,"Yes") -> 0.01378579 | D21: =COUNTIFS('Master Data'!$C$2:$C$961,"Yes",'Master Data'!$K$2:$K$961,0,'Master Data'!$I$2:$I$961,A21) -> 13 | E21: =D21/COUNTIF('Master Data'!$C$2:$C$961,"Yes") -> 0.01378579 | G21: Prefer not to say | H21: =COUNTIFS('Master Data'!$C$2:$C$961,"Yes",'Master Data'!$AK$2:$AK$961,G21) -> 32 | I21: =H21/COUNTIF('Master Data'!$C$2:$C$961,"Yes") -> 0.033934252 | J21: =COUNTIFS('Master Data'!$C$2:$C$961,"Yes",'Master Data'!$K$2:$K$961,0,'Master Data'!$AK$2:$AK$961,G21) -> 30 | K21: =J21/COUNTIF('Master Data'!$C$2:$C$961,"Yes") -> 0.031813362
A22: Other / write-in | B22: =COUNTIFS('Master Data'!$C$2:$C$961,"Yes",'Master Data'!$I$2:$I$961,"<>")-SUM(B17:B21) -> 64 | C22: =B22/COUNTIF('Master Data'!$C$2:$C$961,"Yes") -> 0.067868505 | D22: =COUNTIFS('Master Data'!$C$2:$C$961,"Yes",'Master Data'!$K$2:$K$961,0,'Master Data'!$I$2:$I$961,"<>")-SUM(D17:D21) -> 56 | E22: =D22/COUNTIF('Master Data'!$C$2:$C$961,"Yes") -> 0.059384942

Sheet 3 Geography
A1: SEATS Geographic Distribution
A2: Neighborhood and ZIP code of eligible respondents; counts reflect participation, not population size.
A4: Neighborhood | B4: Total Count | C4: Total Percent | D4: Reporting Assistance Count | E4: Reporting Assistance Percent | G4: ZIP Code | H4: Total Count | I4: Total Percent | J4: Reporting Assistance Count | K4: Reporting Assistance Percent
A5: Northside | B5: =COUNTIFS('Master Data'!$C$2:$C$961,"Yes",'Master Data'!$AJ$2:$AJ$961,A5) -> 140 | C5: =B5/COUNTIF('Master Data'!$C$2:$C$961,"Yes") -> 0.14846235 | D5: =COUNTIFS('Master Data'!$C$2:$C$961,"Yes",'Master Data'!$K$2:$K$961,0,'Master Data'!$AJ$2:$AJ$961,A5) -> 88 | E5: =D5/COUNTIF('Master Data'!$C$2:$C$961,"Yes") -> 0.093319194 | G5: 12308 | H5: =COUNTIFS('Master Data'!$C$2:$C$961,"Yes",'Master Data'!$H$2:$H$961,--G5) -> 140 | I5: =H5/COUNTIF('Master Data'!$C$2:$C$961,"Yes") -> 0.14846235 | J5: =COUNTIFS('Master Data'!$C$2:$C$961,"Yes",'Master Data'!$K$2:$K$961,0,'Master Data'!$H$2:$H$961,--G5) -> 88 | K5: =J5/COUNTIF('Master Data'!$C$2:$C$961,"Yes") -> 0.093319194
A6: Downtown/Stockade | B6: =COUNTIFS('Master Data'!$C$2:$C$961,"Yes",'Master Data'!$AJ$2:$AJ$961,A6) -> 138 | C6: =B6/COUNTIF('Master Data'!$C$2:$C$961,"Yes") -> 0.14634146 | D6: =COUNTIFS('Master Data'!$C$2:$C$961,"Yes",'Master Data'!$K$2:$K$961,0,'Master Data'!$AJ$2:$AJ$961,A6) -> 96 | E6: =D6/COUNTIF('Master Data'!$C$2:$C$961,"Yes") -> 0.10180276 | G6: 12305 | H6: =COUNTIFS('Master Data'!$C$2:$C$961,"Yes",'Master Data'!$H$2:$H$961,--G6) -> 133 | I6: =H6/COUNTIF('Master Data'!$C$2:$C$961,"Yes") -> 0.14103924 | J6: =COUNTIFS('Master Data'!$C$2:$C$961,"Yes",'Master Data'!$K$2:$K$961,0,'Master Data'!$H$2:$H$961,--G6) -> 91 | K6: =J6/COUNTIF('Master Data'!$C$2:$C$961,"Yes") -> 0.09650053
A7: Hamilton Hill/Vale | B7: =COUNTIFS('Master Data'!$C$2:$C$961,"Yes",'Master Data'!$AJ$2:$AJ$961,A7) -> 133 | C7: =B7/COUNTIF('Master Data'!$C$2:$C$961,"Yes") -> 0.14103924 | D7: =COUNTIFS('Master Data'!$C$2:$C$961,"Yes",'Master Data'!$K$2:$K$961,0,'Master Data'!$AJ$2:$AJ$961,A7) -> 122 | E7: =D7/COUNTIF('Master Data'!$C$2:$C$961,"Yes") -> 0.12937434 | G7: 12307 | H7: =COUNTIFS('Master Data'!$C$2:$C$961,"Yes",'Master Data'!$H$2:$H$961,--G7) -> 133 | I7: =H7/COUNTIF('Master Data'!$C$2:$C$961,"Yes") -> 0.14103924 | J7: =COUNTIFS('Master Data'!$C$2:$C$961,"Yes",'Master Data'!$K$2:$K$961,0,'Master Data'!$H$2:$H$961,--G7) -> 122 | K7: =J7/COUNTIF('Master Data'!$C$2:$C$961,"Yes") -> 0.12937434
A8: Mont Pleasant | B8: =COUNTIFS('Master Data'!$C$2:$C$961,"Yes",'Master Data'!$AJ$2:$AJ$961,A8) -> 127 | C8: =B8/COUNTIF('Master Data'!$C$2:$C$961,"Yes") -> 0.13467656 | D8: =COUNTIFS('Master Data'!$C$2:$C$961,"Yes",'Master Data'!$K$2:$K$961,0,'Master Data'!$AJ$2:$AJ$961,A8) -> 98 | E8: =D8/COUNTIF('Master Data'!$C$2:$C$961,"Yes") -> 0.10392365 | G8: 12303 | H8: =COUNTIFS('Master Data'!$C$2:$C$961,"Yes",'Master Data'!$H$2:$H$961,--G8) -> 127 | I8: =H8/COUNTIF('Master Data'!$C$2:$C$961,"Yes") -> 0.13467656 | J8: =COUNTIFS('Master Data'!$C$2:$C$961,"Yes",'Master Data'!$K$2:$K$961,0,'Master Data'!$H$2:$H$961,--G8) -> 98 | K8: =J8/COUNTIF('Master Data'!$C$2:$C$961,"Yes") -> 0.10392365
A9: Niskayuna | B9: =COUNTIFS('Master Data'!$C$2:$C$961,"Yes",'Master Data'!$AJ$2:$AJ$961,A9) -> 127 | C9: =B9/COUNTIF('Master Data'!$C$2:$C$961,"Yes") -> 0.13467656 | D9: =COUNTIFS('Master Data'!$C$2:$C$961,"Yes",'Master Data'!$K$2:$K$961,0,'Master Data'!$AJ$2:$AJ$961,A9) -> 23 | E9: =D9/COUNTIF('Master Data'!$C$2:$C$961,"Yes") -> 0.024390244 | G9: 12309 | H9: =COUNTIFS('Master Data'!$C$2:$C$961,"Yes",'Master Data'!$H$2:$H$961,--G9) -> 126 | I9: =H9/COUNTIF('Master Data'!$C$2:$C$961,"Yes") -> 0.13361612 | J9: =COUNTIFS('Master Data'!$C$2:$C$961,"Yes",'Master Data'!$K$2:$K$961,0,'Master Data'!$H$2:$H$961,--G9) -> 22 | K9: =J9/COUNTIF('Master Data'!$C$2:$C$961,"Yes") -> 0.023329799
A10: Woodlawn | B10: =COUNTIFS('Master Data'!$C$2:$C$961,"Yes",'Master Data'!$AJ$2:$AJ$961,A10) -> 96 | C10: =B10/COUNTIF('Master Data'!$C$2:$C$961,"Yes") -> 0.10180276 | D10: =COUNTIFS('Master Data'!$C$2:$C$961,"Yes",'Master Data'!$K$2:$K$961,0,'Master Data'!$AJ$2:$AJ$961,A10) -> 64 | E10: =D10/COUNTIF('Master Data'!$C$2:$C$961,"Yes") -> 0.067868505 | G10: 12304 | H10: =COUNTIFS('Master Data'!$C$2:$C$961,"Yes",'Master Data'!$H$2:$H$961,--G10) -> 96 | I10: =H10/COUNTIF('Master Data'!$C$2:$C$961,"Yes") -> 0.10180276 | J10: =COUNTIFS('Master Data'!$C$2:$C$961,"Yes",'Master Data'!$K$2:$K$961,0,'Master Data'!$H$2:$H$961,--G10) -> 64 | K10: =J10/COUNTIF('Master Data'!$C$2:$C$961,"Yes") -> 0.067868505
A11: Scotia/Glenville | B11: =COUNTIFS('Master Data'!$C$2:$C$961,"Yes",'Master Data'!$AJ$2:$AJ$961,A11) -> 86 | C11: =B11/COUNTIF('Master Data'!$C$2:$C$961,"Yes") -> 0.091198303 | D11: =COUNTIFS('Master Data'!$C$2:$C$961,"Yes",'Master Data'!$K$2:$K$961,0,'Master Data'!$AJ$2:$AJ$961,A11) -> 51 | E11: =D11/COUNTIF('Master Data'!$C$2:$C$961,"Yes") -> 0.054082715 | G11: 12302 | H11: =COUNTIFS('Master Data'!$C$2:$C$961,"Yes",'Master Data'!$H$2:$H$961,--G11) -> 80 | I11: =H11/COUNTIF('Master Data'!$C$2:$C$961,"Yes") -> 0.084835631 | J11: =COUNTIFS('Master Data'!$C$2:$C$961,"Yes",'Master Data'!$K$2:$K$961,0,'Master Data'!$H$2:$H$961,--G11) -> 50 | K11: =J11/COUNTIF('Master Data'!$C$2:$C$961,"Yes") -> 0.053022269
A12: Rotterdam/Bellevue | B12: =COUNTIFS('Master Data'!$C$2:$C$961,"Yes",'Master Data'!$AJ$2:$AJ$961,A12) -> 78 | C12: =B12/COUNTIF('Master Data'!$C$2:$C$961,"Yes") -> 0.08271474 | D12: =COUNTIFS('Master Data'!$C$2:$C$961,"Yes",'Master Data'!$K$2:$K$961,0,'Master Data'!$AJ$2:$AJ$961,A12) -> 40 | E12: =D12/COUNTIF('Master Data'!$C$2:$C$961,"Yes") -> 0.042417815 | G12: 12306 | H12: =COUNTIFS('Master Data'!$C$2:$C$961,"Yes",'Master Data'!$H$2:$H$961,--G12) -> 78 | I12: =H12/COUNTIF('Master Data'!$C$2:$C$961,"Yes") -> 0.08271474 | J12: =COUNTIFS('Master Data'!$C$2:$C$961,"Yes",'Master Data'!$K$2:$K$961,0,'Master Data'!$H$2:$H$961,--G12) -> 40 | K12: =J12/COUNTIF('Master Data'!$C$2:$C$961,"Yes") -> 0.042417815
A13: Delanson | B13: =COUNTIFS('Master Data'!$C$2:$C$961,"Yes",'Master Data'!$AJ$2:$AJ$961,A13) -> 7 | C13: =B13/COUNTIF('Master Data'!$C$2:$C$961,"Yes") -> 0.0074231177 | D13: =COUNTIFS('Master Data'!$C$2:$C$961,"Yes",'Master Data'!$K$2:$K$961,0,'Master Data'!$AJ$2:$AJ$961,A13) -> 2 | E13: =D13/COUNTIF('Master Data'!$C$2:$C$961,"Yes") -> 0.0021208908 | G13: 12053 | H13: =COUNTIFS('Master Data'!$C$2:$C$961,"Yes",'Master Data'!$H$2:$H$961,--G13) -> 6 | I13: =H13/COUNTIF('Master Data'!$C$2:$C$961,"Yes") -> 0.0063626723 | J13: =COUNTIFS('Master Data'!$C$2:$C$961,"Yes",'Master Data'!$K$2:$K$961,0,'Master Data'!$H$2:$H$961,--G13) -> 1 | K13: =J13/COUNTIF('Master Data'!$C$2:$C$961,"Yes") -> 0.0010604454
A14: Duanesburg/Princetown | B14: =COUNTIFS('Master Data'!$C$2:$C$961,"Yes",'Master Data'!$AJ$2:$AJ$961,A14) -> 6 | C14: =B14/COUNTIF('Master Data'!$C$2:$C$961,"Yes") -> 0.0063626723 | D14: =COUNTIFS('Master Data'!$C$2:$C$961,"Yes",'Master Data'!$K$2:$K$961,0,'Master Data'!$AJ$2:$AJ$961,A14) -> 5 | E14: =D14/COUNTIF('Master Data'!$C$2:$C$961,"Yes") -> 0.0053022269 | G14: 12027 | H14: =COUNTIFS('Master Data'!$C$2:$C$961,"Yes",'Master Data'!$H$2:$H$961,--G14) -> 4 | I14: =H14/COUNTIF('Master Data'!$C$2:$C$961,"Yes") -> 0.0042417815 | J14: =COUNTIFS('Master Data'!$C$2:$C$961,"Yes",'Master Data'!$K$2:$K$961,0,'Master Data'!$H$2:$H$961,--G14) -> 0 | K14: =J14/COUNTIF('Master Data'!$C$2:$C$961,"Yes") -> 0
A15: Pattersonville | B15: =COUNTIFS('Master Data'!$C$2:$C$961,"Yes",'Master Data'!$AJ$2:$AJ$961,A15) -> 2 | C15: =B15/COUNTIF('Master Data'!$C$2:$C$961,"Yes") -> 0.0021208908 | D15: =COUNTIFS('Master Data'!$C$2:$C$961,"Yes",'Master Data'!$K$2:$K$961,0,'Master Data'!$AJ$2:$AJ$961,A15) -> 2 | E15: =D15/COUNTIF('Master Data'!$C$2:$C$961,"Yes") -> 0.0021208908 | G15: 12056 | H15: =COUNTIFS('Master Data'!$C$2:$C$961,"Yes",'Master Data'!$H$2:$H$961,--G15) -> 4 | I15: =H15/COUNTIF('Master Data'!$C$2:$C$961,"Yes") -> 0.0042417815 | J15: =COUNTIFS('Master Data'!$C$2:$C$961,"Yes",'Master Data'!$K$2:$K$961,0,'Master Data'!$H$2:$H$961,--G15) -> 3 | K15: =J15/COUNTIF('Master Data'!$C$2:$C$961,"Yes") -> 0.0031813362
A16: (Blank) | B16: =COUNTIFS('Master Data'!$C$2:$C$961,"Yes",'Master Data'!$AJ$2:$AJ$961,"") -> 3 | C16: =B16/COUNTIF('Master Data'!$C$2:$C$961,"Yes") -> 0.0031813362 | D16: =COUNTIFS('Master Data'!$C$2:$C$961,"Yes",'Master Data'!$K$2:$K$961,0,'Master Data'!$AJ$2:$AJ$961,"") -> 1 | E16: =D16/COUNTIF('Master Data'!$C$2:$C$961,"Yes") -> 0.0010604454 | G16: 12008 | H16: =COUNTIFS('Master Data'!$C$2:$C$961,"Yes",'Master Data'!$H$2:$H$961,--G16) -> 2 | I16: =H16/COUNTIF('Master Data'!$C$2:$C$961,"Yes") -> 0.0021208908 | J16: =COUNTIFS('Master Data'!$C$2:$C$961,"Yes",'Master Data'!$K$2:$K$961,0,'Master Data'!$H$2:$H$961,--G16) -> 1 | K16: =J16/COUNTIF('Master Data'!$C$2:$C$961,"Yes") -> 0.0010604454
G17: 12019 | H17: =COUNTIFS('Master Data'!$C$2:$C$961,"Yes",'Master Data'!$H$2:$H$961,--G17) -> 2 | I17: =H17/COUNTIF('Master Data'!$C$2:$C$961,"Yes") -> 0.0021208908 | J17: =COUNTIFS('Master Data'!$C$2:$C$961,"Yes",'Master Data'!$K$2:$K$961,0,'Master Data'!$H$2:$H$961,--G17) -> 1 | K17: =J17/COUNTIF('Master Data'!$C$2:$C$961,"Yes") -> 0.0010604454
G18: 12066 | H18: =COUNTIFS('Master Data'!$C$2:$C$961,"Yes",'Master Data'!$H$2:$H$961,--G18) -> 2 | I18: =H18/COUNTIF('Master Data'!$C$2:$C$961,"Yes") -> 0.0021208908 | J18: =COUNTIFS('Master Data'!$C$2:$C$961,"Yes",'Master Data'!$K$2:$K$961,0,'Master Data'!$H$2:$H$961,--G18) -> 2 | K18: =J18/COUNTIF('Master Data'!$C$2:$C$961,"Yes") -> 0.0021208908
G19: 12137 | H19: =COUNTIFS('Master Data'!$C$2:$C$961,"Yes",'Master Data'!$H$2:$H$961,--G19) -> 2 | I19: =H19/COUNTIF('Master Data'!$C$2:$C$961,"Yes") -> 0.0021208908 | J19: =COUNTIFS('Master Data'!$C$2:$C$961,"Yes",'Master Data'!$K$2:$K$961,0,'Master Data'!$H$2:$H$961,--G19) -> 2 | K19: =J19/COUNTIF('Master Data'!$C$2:$C$961,"Yes") -> 0.0021208908
G20: 12141 | H20: =COUNTIFS('Master Data'!$C$2:$C$961,"Yes",'Master Data'!$H$2:$H$961,--G20) -> 2 | I20: =H20/COUNTIF('Master Data'!$C$2:$C$961,"Yes") -> 0.0021208908 | J20: =COUNTIFS('Master Data'!$C$2:$C$961,"Yes",'Master Data'!$K$2:$K$961,0,'Master Data'!$H$2:$H$961,--G20) -> 1 | K20: =J20/COUNTIF('Master Data'!$C$2:$C$961,"Yes") -> 0.0010604454
G21: 12301 | H21: =COUNTIFS('Master Data'!$C$2:$C$961,"Yes",'Master Data'!$H$2:$H$961,--G21) -> 2 | I21: =H21/COUNTIF('Master Data'!$C$2:$C$961,"Yes") -> 0.0021208908 | J21: =COUNTIFS('Master Data'!$C$2:$C$961,"Yes",'Master Data'!$K$2:$K$961,0,'Master Data'!$H$2:$H$961,--G21) -> 2 | K21: =J21/COUNTIF('Master Data'!$C$2:$C$961,"Yes") -> 0.0021208908
G22: 12345 | H22: =COUNTIFS('Master Data'!$C$2:$C$961,"Yes",'Master Data'!$H$2:$H$961,--G22) -> 2 | I22: =H22/COUNTIF('Master Data'!$C$2:$C$961,"Yes") -> 0.0021208908 | J22: =COUNTIFS('Master Data'!$C$2:$C$961,"Yes",'Master Data'!$K$2:$K$961,0,'Master Data'!$H$2:$H$961,--G22) -> 2 | K22: =J22/COUNTIF('Master Data'!$C$2:$C$961,"Yes") -> 0.0021208908
G23: 12148 | H23: =COUNTIFS('Master Data'!$C$2:$C$961,"Yes",'Master Data'!$H$2:$H$961,--G23) -> 1 | I23: =H23/COUNTIF('Master Data'!$C$2:$C$961,"Yes") -> 0.0010604454 | J23: =COUNTIFS('Master Data'!$C$2:$C$961,"Yes",'Master Data'!$K$2:$K$961,0,'Master Data'!$H$2:$H$961,--G23) -> 1 | K23: =J23/COUNTIF('Master Data'!$C$2:$C$961,"Yes") -> 0.0010604454
G24: (Blank) | H24: =COUNTIFS('Master Data'!$C$2:$C$961,"Yes",'Master Data'!$H$2:$H$961,"") -> 1 | I24: =H24/COUNTIF('Master Data'!$C$2:$C$961,"Yes") -> 0.0010604454 | J24: =COUNTIFS('Master Data'!$C$2:$C$961,"Yes",'Master Data'!$K$2:$K$961,0,'Master Data'!$H$2:$H$961,"") -> 1 | K24: =J24/COUNTIF('Master Data'!$C$2:$C$961,"Yes") -> 0.0010604454

Sheet 4 Shopping Sources
A1: SEATS Food Shopping Sources
A2: How often eligible respondents use each type of food retailer.
A4: Source | B4: Total Often Count | C4: Total Sometimes Count | D4: Total Never Count | E4: Total Often Percent | F4: Total Sometimes Percent | G4: Total Never Percent | H4: Total Uses at Least Sometimes Percent | I4: Reporting Assistance Often Count | J4: Reporting Assistance Often Percent | K4: Reporting Assistance Sometimes Count | L4: Reporting Assistance Sometimes Percent | M4: Reporting Assistance Never Count | N4: Reporting Assistance Never Percent | O4: Reporting Assistance Uses at Least Sometimes Count | P4: Reporting Assistance Uses at Least Sometimes Percent
A5: Supermarket | B5: =COUNTIFS('Master Data'!$C$2:$C$961,"Yes",'Master Data'!$L$2:$L$961,"Often") -> 602 | C5: =COUNTIFS('Master Data'!$C$2:$C$961,"Yes",'Master Data'!$L$2:$L$961,"Sometimes") -> 305 | D5: =COUNTIFS('Master Data'!$C$2:$C$961,"Yes",'Master Data'!$L$2:$L$961,"Never") -> 36 | E5: =B5/COUNTIF('Master Data'!$C$2:$C$961,"Yes") -> 0.63838812 | F5: =C5/COUNTIF('Master Data'!$C$2:$C$961,"Yes") -> 0.32343584 | G5: =D5/COUNTIF('Master Data'!$C$2:$C$961,"Yes") -> 0.038176034 | H5: =(B5+C5)/COUNTIF('Master Data'!$C$2:$C$961,"Yes") -> 0.96182397 | I5: =COUNTIFS('Master Data'!$C$2:$C$961,"Yes",'Master Data'!$K$2:$K$961,0,'Master Data'!$L$2:$L$961,"Often") -> 331 | J5: =I5/COUNTIF('Master Data'!$C$2:$C$961,"Yes") -> 0.35100742 | K5: =COUNTIFS('Master Data'!$C$2:$C$961,"Yes",'Master Data'!$K$2:$K$961,0,'Master Data'!$L$2:$L$961,"Sometimes") -> 234 | L5: =K5/COUNTIF('Master Data'!$C$2:$C$961,"Yes") -> 0.24814422 | M5: =COUNTIFS('Master Data'!$C$2:$C$961,"Yes",'Master Data'!$K$2:$K$961,0,'Master Data'!$L$2:$L$961,"Never") -> 27 | N5: =M5/COUNTIF('Master Data'!$C$2:$C$961,"Yes") -> 0.028632025 | O5: =I5+K5 -> 565 | P5: =O5/COUNTIF('Master Data'!$C$2:$C$961,"Yes") -> 0.59915164
A6: Box stores | B6: =COUNTIFS('Master Data'!$C$2:$C$961,"Yes",'Master Data'!$M$2:$M$961,"Often") -> 360 | C6: =COUNTIFS('Master Data'!$C$2:$C$961,"Yes",'Master Data'!$M$2:$M$961,"Sometimes") -> 438 | D6: =COUNTIFS('Master Data'!$C$2:$C$961,"Yes",'Master Data'!$M$2:$M$961,"Never") -> 145 | E6: =B6/COUNTIF('Master Data'!$C$2:$C$961,"Yes") -> 0.38176034 | F6: =C6/COUNTIF('Master Data'!$C$2:$C$961,"Yes") -> 0.46447508 | G6: =D6/COUNTIF('Master Data'!$C$2:$C$961,"Yes") -> 0.15376458 | H6: =(B6+C6)/COUNTIF('Master Data'!$C$2:$C$961,"Yes") -> 0.84623542 | I6: =COUNTIFS('Master Data'!$C$2:$C$961,"Yes",'Master Data'!$K$2:$K$961,0,'Master Data'!$M$2:$M$961,"Often") -> 244 | J6: =I6/COUNTIF('Master Data'!$C$2:$C$961,"Yes") -> 0.25874867 | K6: =COUNTIFS('Master Data'!$C$2:$C$961,"Yes",'Master Data'!$K$2:$K$961,0,'Master Data'!$M$2:$M$961,"Sometimes") -> 263 | L6: =K6/COUNTIF('Master Data'!$C$2:$C$961,"Yes") -> 0.27889714 | M6: =COUNTIFS('Master Data'!$C$2:$C$961,"Yes",'Master Data'!$K$2:$K$961,0,'Master Data'!$M$2:$M$961,"Never") -> 85 | N6: =M6/COUNTIF('Master Data'!$C$2:$C$961,"Yes") -> 0.090137858 | O6: =I6+K6 -> 507 | P6: =O6/COUNTIF('Master Data'!$C$2:$C$961,"Yes") -> 0.53764581
A7: Wholesale club | B7: =COUNTIFS('Master Data'!$C$2:$C$961,"Yes",'Master Data'!$N$2:$N$961,"Often") -> 99 | C7: =COUNTIFS('Master Data'!$C$2:$C$961,"Yes",'Master Data'!$N$2:$N$961,"Sometimes") -> 289 | D7: =COUNTIFS('Master Data'!$C$2:$C$961,"Yes",'Master Data'!$N$2:$N$961,"Never") -> 555 | E7: =B7/COUNTIF('Master Data'!$C$2:$C$961,"Yes") -> 0.10498409 | F7: =C7/COUNTIF('Master Data'!$C$2:$C$961,"Yes") -> 0.30646872 | G7: =D7/COUNTIF('Master Data'!$C$2:$C$961,"Yes") -> 0.58854719 | H7: =(B7+C7)/COUNTIF('Master Data'!$C$2:$C$961,"Yes") -> 0.41145281 | I7: =COUNTIFS('Master Data'!$C$2:$C$961,"Yes",'Master Data'!$K$2:$K$961,0,'Master Data'!$N$2:$N$961,"Often") -> 58 | J7: =I7/COUNTIF('Master Data'!$C$2:$C$961,"Yes") -> 0.061505832 | K7: =COUNTIFS('Master Data'!$C$2:$C$961,"Yes",'Master Data'!$K$2:$K$961,0,'Master Data'!$N$2:$N$961,"Sometimes") -> 173 | L7: =K7/COUNTIF('Master Data'!$C$2:$C$961,"Yes") -> 0.18345705 | M7: =COUNTIFS('Master Data'!$C$2:$C$961,"Yes",'Master Data'!$K$2:$K$961,0,'Master Data'!$N$2:$N$961,"Never") -> 361 | N7: =M7/COUNTIF('Master Data'!$C$2:$C$961,"Yes") -> 0.38282078 | O7: =I7+K7 -> 231 | P7: =O7/COUNTIF('Master Data'!$C$2:$C$961,"Yes") -> 0.24496288
A8: Food co-op | B8: =COUNTIFS('Master Data'!$C$2:$C$961,"Yes",'Master Data'!$O$2:$O$961,"Often") -> 59 | C8: =COUNTIFS('Master Data'!$C$2:$C$961,"Yes",'Master Data'!$O$2:$O$961,"Sometimes") -> 217 | D8: =COUNTIFS('Master Data'!$C$2:$C$961,"Yes",'Master Data'!$O$2:$O$961,"Never") -> 667 | E8: =B8/COUNTIF('Master Data'!$C$2:$C$961,"Yes") -> 0.062566278 | F8: =C8/COUNTIF('Master Data'!$C$2:$C$961,"Yes") -> 0.23011665 | G8: =D8/COUNTIF('Master Data'!$C$2:$C$961,"Yes") -> 0.70731707 | H8: =(B8+C8)/COUNTIF('Master Data'!$C$2:$C$961,"Yes") -> 0.29268293 | I8: =COUNTIFS('Master Data'!$C$2:$C$961,"Yes",'Master Data'!$K$2:$K$961,0,'Master Data'!$O$2:$O$961,"Often") -> 22 | J8: =I8/COUNTIF('Master Data'!$C$2:$C$961,"Yes") -> 0.023329799 | K8: =COUNTIFS('Master Data'!$C$2:$C$961,"Yes",'Master Data'!$K$2:$K$961,0,'Master Data'!$O$2:$O$961,"Sometimes") -> 81 | L8: =K8/COUNTIF('Master Data'!$C$2:$C$961,"Yes") -> 0.085896076 | M8: =COUNTIFS('Master Data'!$C$2:$C$961,"Yes",'Master Data'!$K$2:$K$961,0,'Master Data'!$O$2:$O$961,"Never") -> 489 | N8: =M8/COUNTIF('Master Data'!$C$2:$C$961,"Yes") -> 0.51855779 | O8: =I8+K8 -> 103 | P8: =O8/COUNTIF('Master Data'!$C$2:$C$961,"Yes") -> 0.10922587
A9: Farmers market | B9: =COUNTIFS('Master Data'!$C$2:$C$961,"Yes",'Master Data'!$P$2:$P$961,"Often") -> 112 | C9: =COUNTIFS('Master Data'!$C$2:$C$961,"Yes",'Master Data'!$P$2:$P$961,"Sometimes") -> 465 | D9: =COUNTIFS('Master Data'!$C$2:$C$961,"Yes",'Master Data'!$P$2:$P$961,"Never") -> 366 | E9: =B9/COUNTIF('Master Data'!$C$2:$C$961,"Yes") -> 0.11876988 | F9: =C9/COUNTIF('Master Data'!$C$2:$C$961,"Yes") -> 0.4931071 | G9: =D9/COUNTIF('Master Data'!$C$2:$C$961,"Yes") -> 0.38812301 | H9: =(B9+C9)/COUNTIF('Master Data'!$C$2:$C$961,"Yes") -> 0.61187699 | I9: =COUNTIFS('Master Data'!$C$2:$C$961,"Yes",'Master Data'!$K$2:$K$961,0,'Master Data'!$P$2:$P$961,"Often") -> 55 | J9: =I9/COUNTIF('Master Data'!$C$2:$C$961,"Yes") -> 0.058324496 | K9: =COUNTIFS('Master Data'!$C$2:$C$961,"Yes",'Master Data'!$K$2:$K$961,0,'Master Data'!$P$2:$P$961,"Sometimes") -> 258 | L9: =K9/COUNTIF('Master Data'!$C$2:$C$961,"Yes") -> 0.27359491 | M9: =COUNTIFS('Master Data'!$C$2:$C$961,"Yes",'Master Data'!$K$2:$K$961,0,'Master Data'!$P$2:$P$961,"Never") -> 279 | N9: =M9/COUNTIF('Master Data'!$C$2:$C$961,"Yes") -> 0.29586426 | O9: =I9+K9 -> 313 | P9: =O9/COUNTIF('Master Data'!$C$2:$C$961,"Yes") -> 0.33191941
A10: Specialty market | B10: =COUNTIFS('Master Data'!$C$2:$C$961,"Yes",'Master Data'!$Q$2:$Q$961,"Often") -> 48 | C10: =COUNTIFS('Master Data'!$C$2:$C$961,"Yes",'Master Data'!$Q$2:$Q$961,"Sometimes") -> 229 | D10: =COUNTIFS('Master Data'!$C$2:$C$961,"Yes",'Master Data'!$Q$2:$Q$961,"Never") -> 666 | E10: =B10/COUNTIF('Master Data'!$C$2:$C$961,"Yes") -> 0.050901379 | F10: =C10/COUNTIF('Master Data'!$C$2:$C$961,"Yes") -> 0.24284199 | G10: =D10/COUNTIF('Master Data'!$C$2:$C$961,"Yes") -> 0.70625663 | H10: =(B10+C10)/COUNTIF('Master Data'!$C$2:$C$961,"Yes") -> 0.29374337 | I10: =COUNTIFS('Master Data'!$C$2:$C$961,"Yes",'Master Data'!$K$2:$K$961,0,'Master Data'!$Q$2:$Q$961,"Often") -> 24 | J10: =I10/COUNTIF('Master Data'!$C$2:$C$961,"Yes") -> 0.025450689 | K10: =COUNTIFS('Master Data'!$C$2:$C$961,"Yes",'Master Data'!$K$2:$K$961,0,'Master Data'!$Q$2:$Q$961,"Sometimes") -> 111 | L10: =K10/COUNTIF('Master Data'!$C$2:$C$961,"Yes") -> 0.11770944 | M10: =COUNTIFS('Master Data'!$C$2:$C$961,"Yes",'Master Data'!$K$2:$K$961,0,'Master Data'!$Q$2:$Q$961,"Never") -> 457 | N10: =M10/COUNTIF('Master Data'!$C$2:$C$961,"Yes") -> 0.48462354 | O10: =I10+K10 -> 135 | P10: =O10/COUNTIF('Master Data'!$C$2:$C$961,"Yes") -> 0.14316013
A11: Corner store | B11: =COUNTIFS('Master Data'!$C$2:$C$961,"Yes",'Master Data'!$R$2:$R$961,"Often") -> 182 | C11: =COUNTIFS('Master Data'!$C$2:$C$961,"Yes",'Master Data'!$R$2:$R$961,"Sometimes") -> 393 | D11: =COUNTIFS('Master Data'!$C$2:$C$961,"Yes",'Master Data'!$R$2:$R$961,"Never") -> 368 | E11: =B11/COUNTIF('Master Data'!$C$2:$C$961,"Yes") -> 0.19300106 | F11: =C11/COUNTIF('Master Data'!$C$2:$C$961,"Yes") -> 0.41675504 | G11: =D11/COUNTIF('Master Data'!$C$2:$C$961,"Yes") -> 0.3902439 | H11: =(B11+C11)/COUNTIF('Master Data'!$C$2:$C$961,"Yes") -> 0.6097561 | I11: =COUNTIFS('Master Data'!$C$2:$C$961,"Yes",'Master Data'!$K$2:$K$961,0,'Master Data'!$R$2:$R$961,"Often") -> 132 | J11: =I11/COUNTIF('Master Data'!$C$2:$C$961,"Yes") -> 0.13997879 | K11: =COUNTIFS('Master Data'!$C$2:$C$961,"Yes",'Master Data'!$K$2:$K$961,0,'Master Data'!$R$2:$R$961,"Sometimes") -> 247 | L11: =K11/COUNTIF('Master Data'!$C$2:$C$961,"Yes") -> 0.26193001 | M11: =COUNTIFS('Master Data'!$C$2:$C$961,"Yes",'Master Data'!$K$2:$K$961,0,'Master Data'!$R$2:$R$961,"Never") -> 213 | N11: =M11/COUNTIF('Master Data'!$C$2:$C$961,"Yes") -> 0.22587487 | O11: =I11+K11 -> 379 | P11: =O11/COUNTIF('Master Data'!$C$2:$C$961,"Yes") -> 0.4019088
A12: Dollar store | B12: =COUNTIFS('Master Data'!$C$2:$C$961,"Yes",'Master Data'!$S$2:$S$961,"Often") -> 238 | C12: =COUNTIFS('Master Data'!$C$2:$C$961,"Yes",'Master Data'!$S$2:$S$961,"Sometimes") -> 441 | D12: =COUNTIFS('Master Data'!$C$2:$C$961,"Yes",'Master Data'!$S$2:$S$961,"Never") -> 264 | E12: =B12/COUNTIF('Master Data'!$C$2:$C$961,"Yes") -> 0.252386 | F12: =C12/COUNTIF('Master Data'!$C$2:$C$961,"Yes") -> 0.46765642 | G12: =D12/COUNTIF('Master Data'!$C$2:$C$961,"Yes") -> 0.27995758 | H12: =(B12+C12)/COUNTIF('Master Data'!$C$2:$C$961,"Yes") -> 0.72004242 | I12: =COUNTIFS('Master Data'!$C$2:$C$961,"Yes",'Master Data'!$K$2:$K$961,0,'Master Data'!$S$2:$S$961,"Often") -> 182 | J12: =I12/COUNTIF('Master Data'!$C$2:$C$961,"Yes") -> 0.19300106 | K12: =COUNTIFS('Master Data'!$C$2:$C$961,"Yes",'Master Data'!$K$2:$K$961,0,'Master Data'!$S$2:$S$961,"Sometimes") -> 288 | L12: =K12/COUNTIF('Master Data'!$C$2:$C$961,"Yes") -> 0.30540827 | M12: =COUNTIFS('Master Data'!$C$2:$C$961,"Yes",'Master Data'!$K$2:$K$961,0,'Master Data'!$S$2:$S$961,"Never") -> 122 | N12: =M12/COUNTIF('Master Data'!$C$2:$C$961,"Yes") -> 0.12937434 | O12: =I12+K12 -> 470 | P12: =O12/COUNTIF('Master Data'!$C$2:$C$961,"Yes") -> 0.49840933
A13: Drug store | B13: =COUNTIFS('Master Data'!$C$2:$C$961,"Yes",'Master Data'!$T$2:$T$961,"Often") -> 121 | C13: =COUNTIFS('Master Data'!$C$2:$C$961,"Yes",'Master Data'!$T$2:$T$961,"Sometimes") -> 413 | D13: =COUNTIFS('Master Data'!$C$2:$C$961,"Yes",'Master Data'!$T$2:$T$961,"Never") -> 409 | E13: =B13/COUNTIF('Master Data'!$C$2:$C$961,"Yes") -> 0.12831389 | F13: =C13/COUNTIF('Master Data'!$C$2:$C$961,"Yes") -> 0.43796394 | G13: =D13/COUNTIF('Master Data'!$C$2:$C$961,"Yes") -> 0.43372216 | H13: =(B13+C13)/COUNTIF('Master Data'!$C$2:$C$961,"Yes") -> 0.56627784 | I13: =COUNTIFS('Master Data'!$C$2:$C$961,"Yes",'Master Data'!$K$2:$K$961,0,'Master Data'!$T$2:$T$961,"Often") -> 83 | J13: =I13/COUNTIF('Master Data'!$C$2:$C$961,"Yes") -> 0.088016967 | K13: =COUNTIFS('Master Data'!$C$2:$C$961,"Yes",'Master Data'!$K$2:$K$961,0,'Master Data'!$T$2:$T$961,"Sometimes") -> 259 | L13: =K13/COUNTIF('Master Data'!$C$2:$C$961,"Yes") -> 0.27465536 | M13: =COUNTIFS('Master Data'!$C$2:$C$961,"Yes",'Master Data'!$K$2:$K$961,0,'Master Data'!$T$2:$T$961,"Never") -> 250 | N13: =M13/COUNTIF('Master Data'!$C$2:$C$961,"Yes") -> 0.26511135 | O13: =I13+K13 -> 342 | P13: =O13/COUNTIF('Master Data'!$C$2:$C$961,"Yes") -> 0.36267232

Sheet 5 Access & Barriers
A1: SEATS Access & Barriers
A2: Travel distance, transportation difficulty, and reported barriers.
A4: Distance | B4: Total Count | C4: Total Percent | D4: Reporting Assistance Count | E4: Reporting Assistance Percent | G4: Transportation Challenge | H4: Total Count | I4: Total Percent | J4: Reporting Assistance Count | K4: Reporting Assistance Percent
A5: Less than 1 mile | B5: =COUNTIFS('Master Data'!$C$2:$C$961,"Yes",'Master Data'!$U$2:$U$961,A5) -> 109 | C5: =B5/COUNTIF('Master Data'!$C$2:$C$961,"Yes") -> 0.11558855 | D5: =COUNTIFS('Master Data'!$C$2:$C$961,"Yes",'Master Data'!$K$2:$K$961,0,'Master Data'!$U$2:$U$961,A5) -> 68 | E5: =D5/COUNTIF('Master Data'!$C$2:$C$961,"Yes") -> 0.072110286 | G5: Never | H5: =COUNTIFS('Master Data'!$C$2:$C$961,"Yes",'Master Data'!$W$2:$W$961,"*"&G5&"*") -> 354 | I5: =H5/COUNTIF('Master Data'!$C$2:$C$961,"Yes") -> 0.37539767 | J5: =COUNTIFS('Master Data'!$C$2:$C$961,"Yes",'Master Data'!$K$2:$K$961,0,'Master Data'!$W$2:$W$961,"*"&G5&"*") -> 123 | K5: =J5/COUNTIF('Master Data'!$C$2:$C$961,"Yes") -> 0.13043478
A6: 1-3 miles | B6: =COUNTIFS('Master Data'!$C$2:$C$961,"Yes",'Master Data'!$U$2:$U$961,A6) -> 432 | C6: =B6/COUNTIF('Master Data'!$C$2:$C$961,"Yes") -> 0.45811241 | D6: =COUNTIFS('Master Data'!$C$2:$C$961,"Yes",'Master Data'!$K$2:$K$961,0,'Master Data'!$U$2:$U$961,A6) -> 273 | E6: =D6/COUNTIF('Master Data'!$C$2:$C$961,"Yes") -> 0.28950159 | G6: Rarely | H6: =COUNTIFS('Master Data'!$C$2:$C$961,"Yes",'Master Data'!$W$2:$W$961,"*"&G6&"*") -> 183 | I6: =H6/COUNTIF('Master Data'!$C$2:$C$961,"Yes") -> 0.19406151 | J6: =COUNTIFS('Master Data'!$C$2:$C$961,"Yes",'Master Data'!$K$2:$K$961,0,'Master Data'!$W$2:$W$961,"*"&G6&"*") -> 123 | K6: =J6/COUNTIF('Master Data'!$C$2:$C$961,"Yes") -> 0.13043478
A7: 4-6 miles | B7: =COUNTIFS('Master Data'!$C$2:$C$961,"Yes",'Master Data'!$U$2:$U$961,A7) -> 271 | C7: =B7/COUNTIF('Master Data'!$C$2:$C$961,"Yes") -> 0.2873807 | D7: =COUNTIFS('Master Data'!$C$2:$C$961,"Yes",'Master Data'!$K$2:$K$961,0,'Master Data'!$U$2:$U$961,A7) -> 173 | E7: =D7/COUNTIF('Master Data'!$C$2:$C$961,"Yes") -> 0.18345705 | G7: Sometimes | H7: =COUNTIFS('Master Data'!$C$2:$C$961,"Yes",'Master Data'!$W$2:$W$961,"*"&G7&"*") -> 247 | I7: =H7/COUNTIF('Master Data'!$C$2:$C$961,"Yes") -> 0.26193001 | J7: =COUNTIFS('Master Data'!$C$2:$C$961,"Yes",'Master Data'!$K$2:$K$961,0,'Master Data'!$W$2:$W$961,"*"&G7&"*") -> 205 | K7: =J7/COUNTIF('Master Data'!$C$2:$C$961,"Yes") -> 0.2173913
A8: 7-10 miles | B8: =COUNTIFS('Master Data'!$C$2:$C$961,"Yes",'Master Data'!$U$2:$U$961,A8) -> 85 | C8: =B8/COUNTIF('Master Data'!$C$2:$C$961,"Yes") -> 0.090137858 | D8: =COUNTIFS('Master Data'!$C$2:$C$961,"Yes",'Master Data'!$K$2:$K$961,0,'Master Data'!$U$2:$U$961,A8) -> 52 | E8: =D8/COUNTIF('Master Data'!$C$2:$C$961,"Yes") -> 0.05514316 | G8: Often | H8: =COUNTIFS('Master Data'!$C$2:$C$961,"Yes",'Master Data'!$W$2:$W$961,"*"&G8&"*") -> 97 | I8: =H8/COUNTIF('Master Data'!$C$2:$C$961,"Yes") -> 0.1028632 | J8: =COUNTIFS('Master Data'!$C$2:$C$961,"Yes",'Master Data'!$K$2:$K$961,0,'Master Data'!$W$2:$W$961,"*"&G8&"*") -> 82 | K8: =J8/COUNTIF('Master Data'!$C$2:$C$961,"Yes") -> 0.086956522
A9: More than 10 miles | B9: =COUNTIFS('Master Data'!$C$2:$C$961,"Yes",'Master Data'!$U$2:$U$961,A9) -> 40 | C9: =B9/COUNTIF('Master Data'!$C$2:$C$961,"Yes") -> 0.042417815 | D9: =COUNTIFS('Master Data'!$C$2:$C$961,"Yes",'Master Data'!$K$2:$K$961,0,'Master Data'!$U$2:$U$961,A9) -> 23 | E9: =D9/COUNTIF('Master Data'!$C$2:$C$961,"Yes") -> 0.024390244 | G9: Always | H9: =COUNTIFS('Master Data'!$C$2:$C$961,"Yes",'Master Data'!$W$2:$W$961,"*"&G9&"*") -> 62 | I9: =H9/COUNTIF('Master Data'!$C$2:$C$961,"Yes") -> 0.065747614 | J9: =COUNTIFS('Master Data'!$C$2:$C$961,"Yes",'Master Data'!$K$2:$K$961,0,'Master Data'!$W$2:$W$961,"*"&G9&"*") -> 59 | K9: =J9/COUNTIF('Master Data'!$C$2:$C$961,"Yes") -> 0.062566278
A10: Other / unclear | B10: =COUNTIFS('Master Data'!$C$2:$C$961,"Yes",'Master Data'!$U$2:$U$961,"<>")-SUM(B5:B9) -> 6 | C10: =B10/COUNTIF('Master Data'!$C$2:$C$961,"Yes") -> 0.0063626723 | D10: =COUNTIFS('Master Data'!$C$2:$C$961,"Yes",'Master Data'!$K$2:$K$961,0,'Master Data'!$U$2:$U$961,"<>")-SUM(D5:D9) -> 3 | E10: =D10/COUNTIF('Master Data'!$C$2:$C$961,"Yes") -> 0.0031813362
G12: Barrier Indicator | H12: Total Count | I12: Total Percent | J12: Reporting Assistance Count | K12: Reporting Assistance Percent
G13: Reports no barriers | H13: =COUNTIFS('Master Data'!$C$2:$C$961,"Yes",'Master Data'!$V$2:$V$961,TRUE) -> 251 | I13: =H13/COUNTIF('Master Data'!$C$2:$C$961,"Yes") -> 0.26617179 | J13: =COUNTIFS('Master Data'!$C$2:$C$961,"Yes",'Master Data'!$K$2:$K$961,0,'Master Data'!$V$2:$V$961,TRUE) -> 61 | K13: =J13/COUNTIF('Master Data'!$C$2:$C$961,"Yes") -> 0.064687169
G14: Reports barriers | H14: =COUNTIFS('Master Data'!$C$2:$C$961,"Yes",'Master Data'!$V$2:$V$961,FALSE) -> 692 | I14: =H14/COUNTIF('Master Data'!$C$2:$C$961,"Yes") -> 0.73382821 | J14: =COUNTIFS('Master Data'!$C$2:$C$961,"Yes",'Master Data'!$K$2:$K$961,0,'Master Data'!$V$2:$V$961,FALSE) -> 531 | K14: =J14/COUNTIF('Master Data'!$C$2:$C$961,"Yes") -> 0.5630965

Sheet 6 Fruit & Veg Purchasing
A1: SEATS Fruit and Veg Purchasing
A2: How often eligible respondents can obtain fruit and vegetables in different forms.
A4: Food Type | B4: Total Often Count | C4: Total Sometimes Count | D4: Total Never Count | E4: Total Often Percent | F4: Total Sometimes Percent | G4: Total Never Percent | H4: Reporting Assistance Often Count | I4: Reporting Assistance Often Percent | J4: Reporting Assistance Sometimes Count | K4: Reporting Assistance Sometimes Percent | L4: Reporting Assistance Never Count | M4: Reporting Assistance Never Percent
A5: Fresh fruit | B5: =COUNTIFS('Master Data'!$C$2:$C$961,"Yes",'Master Data'!$X$2:$X$961,"Often") -> 671 | C5: =COUNTIFS('Master Data'!$C$2:$C$961,"Yes",'Master Data'!$X$2:$X$961,"Sometimes") -> 248 | D5: =COUNTIFS('Master Data'!$C$2:$C$961,"Yes",'Master Data'!$X$2:$X$961,"Never") -> 24 | E5: =B5/COUNTIF('Master Data'!$C$2:$C$961,"Yes") -> 0.71155885 | F5: =C5/COUNTIF('Master Data'!$C$2:$C$961,"Yes") -> 0.26299046 | G5: =D5/COUNTIF('Master Data'!$C$2:$C$961,"Yes") -> 0.025450689 | H5: =COUNTIFS('Master Data'!$C$2:$C$961,"Yes",'Master Data'!$K$2:$K$961,0,'Master Data'!$X$2:$X$961,"Often") -> 371 | I5: =H5/COUNTIF('Master Data'!$C$2:$C$961,"Yes") -> 0.39342524 | J5: =COUNTIFS('Master Data'!$C$2:$C$961,"Yes",'Master Data'!$K$2:$K$961,0,'Master Data'!$X$2:$X$961,"Sometimes") -> 197 | K5: =J5/COUNTIF('Master Data'!$C$2:$C$961,"Yes") -> 0.20890774 | L5: =COUNTIFS('Master Data'!$C$2:$C$961,"Yes",'Master Data'!$K$2:$K$961,0,'Master Data'!$X$2:$X$961,"Never") -> 24 | M5: =L5/COUNTIF('Master Data'!$C$2:$C$961,"Yes") -> 0.025450689
A6: Frozen fruit | B6: =COUNTIFS('Master Data'!$C$2:$C$961,"Yes",'Master Data'!$Y$2:$Y$961,"Often") -> 243 | C6: =COUNTIFS('Master Data'!$C$2:$C$961,"Yes",'Master Data'!$Y$2:$Y$961,"Sometimes") -> 497 | D6: =COUNTIFS('Master Data'!$C$2:$C$961,"Yes",'Master Data'!$Y$2:$Y$961,"Never") -> 203 | E6: =B6/COUNTIF('Master Data'!$C$2:$C$961,"Yes") -> 0.25768823 | F6: =C6/COUNTIF('Master Data'!$C$2:$C$961,"Yes") -> 0.52704136 | G6: =D6/COUNTIF('Master Data'!$C$2:$C$961,"Yes") -> 0.21527041 | H6: =COUNTIFS('Master Data'!$C$2:$C$961,"Yes",'Master Data'!$K$2:$K$961,0,'Master Data'!$Y$2:$Y$961,"Often") -> 164 | I6: =H6/COUNTIF('Master Data'!$C$2:$C$961,"Yes") -> 0.17391304 | J6: =COUNTIFS('Master Data'!$C$2:$C$961,"Yes",'Master Data'!$K$2:$K$961,0,'Master Data'!$Y$2:$Y$961,"Sometimes") -> 315 | K6: =J6/COUNTIF('Master Data'!$C$2:$C$961,"Yes") -> 0.3340403 | L6: =COUNTIFS('Master Data'!$C$2:$C$961,"Yes",'Master Data'!$K$2:$K$961,0,'Master Data'!$Y$2:$Y$961,"Never") -> 113 | M6: =L6/COUNTIF('Master Data'!$C$2:$C$961,"Yes") -> 0.11983033
A7: Canned fruit | B7: =COUNTIFS('Master Data'!$C$2:$C$961,"Yes",'Master Data'!$Z$2:$Z$961,"Often") -> 149 | C7: =COUNTIFS('Master Data'!$C$2:$C$961,"Yes",'Master Data'!$Z$2:$Z$961,"Sometimes") -> 466 | D7: =COUNTIFS('Master Data'!$C$2:$C$961,"Yes",'Master Data'!$Z$2:$Z$961,"Never") -> 328 | E7: =B7/COUNTIF('Master Data'!$C$2:$C$961,"Yes") -> 0.15800636 | F7: =C7/COUNTIF('Master Data'!$C$2:$C$961,"Yes") -> 0.49416755 | G7: =D7/COUNTIF('Master Data'!$C$2:$C$961,"Yes") -> 0.34782609 | H7: =COUNTIFS('Master Data'!$C$2:$C$961,"Yes",'Master Data'!$K$2:$K$961,0,'Master Data'!$Z$2:$Z$961,"Often") -> 122 | I7: =H7/COUNTIF('Master Data'!$C$2:$C$961,"Yes") -> 0.12937434 | J7: =COUNTIFS('Master Data'!$C$2:$C$961,"Yes",'Master Data'!$K$2:$K$961,0,'Master Data'!$Z$2:$Z$961,"Sometimes") -> 324 | K7: =J7/COUNTIF('Master Data'!$C$2:$C$961,"Yes") -> 0.34358431 | L7: =COUNTIFS('Master Data'!$C$2:$C$961,"Yes",'Master Data'!$K$2:$K$961,0,'Master Data'!$Z$2:$Z$961,"Never") -> 146 | M7: =L7/COUNTIF('Master Data'!$C$2:$C$961,"Yes") -> 0.15482503
A8: Fresh vegetables | B8: =COUNTIFS('Master Data'!$C$2:$C$961,"Yes",'Master Data'!$AA$2:$AA$961,"Often") -> 669 | C8: =COUNTIFS('Master Data'!$C$2:$C$961,"Yes",'Master Data'!$AA$2:$AA$961,"Sometimes") -> 248 | D8: =COUNTIFS('Master Data'!$C$2:$C$961,"Yes",'Master Data'!$AA$2:$AA$961,"Never") -> 26 | E8: =B8/COUNTIF('Master Data'!$C$2:$C$961,"Yes") -> 0.70943796 | F8: =C8/COUNTIF('Master Data'!$C$2:$C$961,"Yes") -> 0.26299046 | G8: =D8/COUNTIF('Master Data'!$C$2:$C$961,"Yes") -> 0.02757158 | H8: =COUNTIFS('Master Data'!$C$2:$C$961,"Yes",'Master Data'!$K$2:$K$961,0,'Master Data'!$AA$2:$AA$961,"Often") -> 369 | I8: =H8/COUNTIF('Master Data'!$C$2:$C$961,"Yes") -> 0.39130435 | J8: =COUNTIFS('Master Data'!$C$2:$C$961,"Yes",'Master Data'!$K$2:$K$961,0,'Master Data'!$AA$2:$AA$961,"Sometimes") -> 200 | K8: =J8/COUNTIF('Master Data'!$C$2:$C$961,"Yes") -> 0.21208908 | L8: =COUNTIFS('Master Data'!$C$2:$C$961,"Yes",'Master Data'!$K$2:$K$961,0,'Master Data'!$AA$2:$AA$961,"Never") -> 23 | M8: =L8/COUNTIF('Master Data'!$C$2:$C$961,"Yes") -> 0.024390244
A9: Frozen vegetables | B9: =COUNTIFS('Master Data'!$C$2:$C$961,"Yes",'Master Data'!$AB$2:$AB$961,"Often") -> 356 | C9: =COUNTIFS('Master Data'!$C$2:$C$961,"Yes",'Master Data'!$AB$2:$AB$961,"Sometimes") -> 482 | D9: =COUNTIFS('Master Data'!$C$2:$C$961,"Yes",'Master Data'!$AB$2:$AB$961,"Never") -> 105 | E9: =B9/COUNTIF('Master Data'!$C$2:$C$961,"Yes") -> 0.37751856 | F9: =C9/COUNTIF('Master Data'!$C$2:$C$961,"Yes") -> 0.51113468 | G9: =D9/COUNTIF('Master Data'!$C$2:$C$961,"Yes") -> 0.11134677 | H9: =COUNTIFS('Master Data'!$C$2:$C$961,"Yes",'Master Data'!$K$2:$K$961,0,'Master Data'!$AB$2:$AB$961,"Often") -> 230 | I9: =H9/COUNTIF('Master Data'!$C$2:$C$961,"Yes") -> 0.24390244 | J9: =COUNTIFS('Master Data'!$C$2:$C$961,"Yes",'Master Data'!$K$2:$K$961,0,'Master Data'!$AB$2:$AB$961,"Sometimes") -> 293 | K9: =J9/COUNTIF('Master Data'!$C$2:$C$961,"Yes") -> 0.3107105 | L9: =COUNTIFS('Master Data'!$C$2:$C$961,"Yes",'Master Data'!$K$2:$K$961,0,'Master Data'!$AB$2:$AB$961,"Never") -> 69 | M9: =L9/COUNTIF('Master Data'!$C$2:$C$961,"Yes") -> 0.073170732
A10: Canned vegetables | B10: =COUNTIFS('Master Data'!$C$2:$C$961,"Yes",'Master Data'!$AC$2:$AC$961,"Often") -> 219 | C10: =COUNTIFS('Master Data'!$C$2:$C$961,"Yes",'Master Data'!$AC$2:$AC$961,"Sometimes") -> 461 | D10: =COUNTIFS('Master Data'!$C$2:$C$961,"Yes",'Master Data'!$AC$2:$AC$961,"Never") -> 263 | E10: =B10/COUNTIF('Master Data'!$C$2:$C$961,"Yes") -> 0.23223754 | F10: =C10/COUNTIF('Master Data'!$C$2:$C$961,"Yes") -> 0.48886532 | G10: =D10/COUNTIF('Master Data'!$C$2:$C$961,"Yes") -> 0.27889714 | H10: =COUNTIFS('Master Data'!$C$2:$C$961,"Yes",'Master Data'!$K$2:$K$961,0,'Master Data'!$AC$2:$AC$961,"Often") -> 160 | I10: =H10/COUNTIF('Master Data'!$C$2:$C$961,"Yes") -> 0.16967126 | J10: =COUNTIFS('Master Data'!$C$2:$C$961,"Yes",'Master Data'!$K$2:$K$961,0,'Master Data'!$AC$2:$AC$961,"Sometimes") -> 303 | K10: =J10/COUNTIF('Master Data'!$C$2:$C$961,"Yes") -> 0.32131495 | L10: =COUNTIFS('Master Data'!$C$2:$C$961,"Yes",'Master Data'!$K$2:$K$961,0,'Master Data'!$AC$2:$AC$961,"Never") -> 129 | M10: =L10/COUNTIF('Master Data'!$C$2:$C$961,"Yes") -> 0.13679745

Sheet 7 Experience Ratings
A1: SEATS Experience Ratings
A2: Ratings of fresh-food access, variety, quality, and overall experience.
A4: Measure | B4: Total Excellent Count | C4: Total Good Count | D4: Total Okay Count | E4: Total Poor Count | F4: Total Very Poor Count | G4: Total Poor / Very Poor Percent | H4: Reporting Assistance Excellent Count | I4: Reporting Assistance Excellent Percent | J4: Reporting Assistance Good Count | K4: Reporting Assistance Good Percent | L4: Reporting Assistance Okay Count | M4: Reporting Assistance Okay Percent | N4: Reporting Assistance Poor Count | O4: Reporting Assistance Poor Percent | P4: Reporting Assistance Very Poor Count | Q4: Reporting Assistance Very Poor Percent
A5: Variety | B5: =COUNTIFS('Master Data'!$C$2:$C$961,"Yes",'Master Data'!$AE$2:$AE$961,"Excellent") -> 191 | C5: =COUNTIFS('Master Data'!$C$2:$C$961,"Yes",'Master Data'!$AE$2:$AE$961,"Good") -> 395 | D5: =COUNTIFS('Master Data'!$C$2:$C$961,"Yes",'Master Data'!$AE$2:$AE$961,"Okay") -> 311 | E5: =COUNTIFS('Master Data'!$C$2:$C$961,"Yes",'Master Data'!$AE$2:$AE$961,"Poor") -> 37 | F5: =COUNTIFS('Master Data'!$C$2:$C$961,"Yes",'Master Data'!$AE$2:$AE$961,"Very poor") -> 9 | G5: =(E5+F5)/COUNTIF('Master Data'!$C$2:$C$961,"Yes") -> 0.048780488 | H5: =COUNTIFS('Master Data'!$C$2:$C$961,"Yes",'Master Data'!$K$2:$K$961,0,'Master Data'!$AE$2:$AE$961,"Excellent") -> 85 | I5: =H5/COUNTIF('Master Data'!$C$2:$C$961,"Yes") -> 0.090137858 | J5: =COUNTIFS('Master Data'!$C$2:$C$961,"Yes",'Master Data'!$K$2:$K$961,0,'Master Data'!$AE$2:$AE$961,"Good") -> 229 | K5: =J5/COUNTIF('Master Data'!$C$2:$C$961,"Yes") -> 0.24284199 | L5: =COUNTIFS('Master Data'!$C$2:$C$961,"Yes",'Master Data'!$K$2:$K$961,0,'Master Data'!$AE$2:$AE$961,"Okay") -> 238 | M5: =L5/COUNTIF('Master Data'!$C$2:$C$961,"Yes") -> 0.252386 | N5: =COUNTIFS('Master Data'!$C$2:$C$961,"Yes",'Master Data'!$K$2:$K$961,0,'Master Data'!$AE$2:$AE$961,"Poor") -> 32 | O5: =N5/COUNTIF('Master Data'!$C$2:$C$961,"Yes") -> 0.033934252 | P5: =COUNTIFS('Master Data'!$C$2:$C$961,"Yes",'Master Data'!$K$2:$K$961,0,'Master Data'!$AE$2:$AE$961,"Very poor") -> 8 | Q5: =P5/COUNTIF('Master Data'!$C$2:$C$961,"Yes") -> 0.0084835631
A6: Quality | B6: =COUNTIFS('Master Data'!$C$2:$C$961,"Yes",'Master Data'!$AF$2:$AF$961,"Excellent") -> 160 | C6: =COUNTIFS('Master Data'!$C$2:$C$961,"Yes",'Master Data'!$AF$2:$AF$961,"Good") -> 433 | D6: =COUNTIFS('Master Data'!$C$2:$C$961,"Yes",'Master Data'!$AF$2:$AF$961,"Okay") -> 313 | E6: =COUNTIFS('Master Data'!$C$2:$C$961,"Yes",'Master Data'!$AF$2:$AF$961,"Poor") -> 32 | F6: =COUNTIFS('Master Data'!$C$2:$C$961,"Yes",'Master Data'!$AF$2:$AF$961,"Very poor") -> 5 | G6: =(E6+F6)/COUNTIF('Master Data'!$C$2:$C$961,"Yes") -> 0.039236479 | H6: =COUNTIFS('Master Data'!$C$2:$C$961,"Yes",'Master Data'!$K$2:$K$961,0,'Master Data'!$AF$2:$AF$961,"Excellent") -> 68 | I6: =H6/COUNTIF('Master Data'!$C$2:$C$961,"Yes") -> 0.072110286 | J6: =COUNTIFS('Master Data'!$C$2:$C$961,"Yes",'Master Data'!$K$2:$K$961,0,'Master Data'!$AF$2:$AF$961,"Good") -> 259 | K6: =J6/COUNTIF('Master Data'!$C$2:$C$961,"Yes") -> 0.27465536 | L6: =COUNTIFS('Master Data'!$C$2:$C$961,"Yes",'Master Data'!$K$2:$K$961,0,'Master Data'!$AF$2:$AF$961,"Okay") -> 233 | M6: =L6/COUNTIF('Master Data'!$C$2:$C$961,"Yes") -> 0.24708378 | N6: =COUNTIFS('Master Data'!$C$2:$C$961,"Yes",'Master Data'!$K$2:$K$961,0,'Master Data'!$AF$2:$AF$961,"Poor") -> 27 | O6: =N6/COUNTIF('Master Data'!$C$2:$C$961,"Yes") -> 0.028632025 | P6: =COUNTIFS('Master Data'!$C$2:$C$961,"Yes",'Master Data'!$K$2:$K$961,0,'Master Data'!$AF$2:$AF$961,"Very poor") -> 5 | Q6: =P6/COUNTIF('Master Data'!$C$2:$C$961,"Yes") -> 0.0053022269
A7: Overall experience | B7: =COUNTIFS('Master Data'!$C$2:$C$961,"Yes",'Master Data'!$AG$2:$AG$961,"Excellent") -> 160 | C7: =COUNTIFS('Master Data'!$C$2:$C$961,"Yes",'Master Data'!$AG$2:$AG$961,"Good") -> 351 | D7: =COUNTIFS('Master Data'!$C$2:$C$961,"Yes",'Master Data'!$AG$2:$AG$961,"Okay") -> 348 | E7: =COUNTIFS('Master Data'!$C$2:$C$961,"Yes",'Master Data'!$AG$2:$AG$961,"Poor") -> 73 | F7: =COUNTIFS('Master Data'!$C$2:$C$961,"Yes",'Master Data'!$AG$2:$AG$961,"Very poor") -> 11 | G7: =(E7+F7)/COUNTIF('Master Data'!$C$2:$C$961,"Yes") -> 0.089077413 | H7: =COUNTIFS('Master Data'!$C$2:$C$961,"Yes",'Master Data'!$K$2:$K$961,0,'Master Data'!$AG$2:$AG$961,"Excellent") -> 52 | I7: =H7/COUNTIF('Master Data'!$C$2:$C$961,"Yes") -> 0.05514316 | J7: =COUNTIFS('Master Data'!$C$2:$C$961,"Yes",'Master Data'!$K$2:$K$961,0,'Master Data'!$AG$2:$AG$961,"Good") -> 196 | K7: =J7/COUNTIF('Master Data'!$C$2:$C$961,"Yes") -> 0.2078473 | L7: =COUNTIFS('Master Data'!$C$2:$C$961,"Yes",'Master Data'!$K$2:$K$961,0,'Master Data'!$AG$2:$AG$961,"Okay") -> 268 | M7: =L7/COUNTIF('Master Data'!$C$2:$C$961,"Yes") -> 0.28419936 | N7: =COUNTIFS('Master Data'!$C$2:$C$961,"Yes",'Master Data'!$K$2:$K$961,0,'Master Data'!$AG$2:$AG$961,"Poor") -> 65 | O7: =N7/COUNTIF('Master Data'!$C$2:$C$961,"Yes") -> 0.06892895 | P7: =COUNTIFS('Master Data'!$C$2:$C$961,"Yes",'Master Data'!$K$2:$K$961,0,'Master Data'!$AG$2:$AG$961,"Very poor") -> 11 | Q7: =P7/COUNTIF('Master Data'!$C$2:$C$961,"Yes") -> 0.011664899
A11: Ease of Getting Fresh Food | B11: Total Count | C11: Total Percent | D11: Reporting Assistance Count | E11: Reporting Assistance Percent
A12: Always easy | B12: =COUNTIFS('Master Data'!$C$2:$C$961,"Yes",'Master Data'!$AD$2:$AD$961,A12) -> 182 | C12: =B12/COUNTIF('Master Data'!$C$2:$C$961,"Yes") -> 0.19300106 | D12: =COUNTIFS('Master Data'!$C$2:$C$961,"Yes",'Master Data'!$K$2:$K$961,0,'Master Data'!$AD$2:$AD$961,A12) -> 56 | E12: =D12/COUNTIF('Master Data'!$C$2:$C$961,"Yes") -> 0.059384942
A13: Usually easy | B13: =COUNTIFS('Master Data'!$C$2:$C$961,"Yes",'Master Data'!$AD$2:$AD$961,A13) -> 308 | C13: =B13/COUNTIF('Master Data'!$C$2:$C$961,"Yes") -> 0.32661718 | D13: =COUNTIFS('Master Data'!$C$2:$C$961,"Yes",'Master Data'!$K$2:$K$961,0,'Master Data'!$AD$2:$AD$961,A13) -> 153 | E13: =D13/COUNTIF('Master Data'!$C$2:$C$961,"Yes") -> 0.16224814
A14: Sometimes easy | B14: =COUNTIFS('Master Data'!$C$2:$C$961,"Yes",'Master Data'!$AD$2:$AD$961,A14) -> 326 | C14: =B14/COUNTIF('Master Data'!$C$2:$C$961,"Yes") -> 0.3457052 | D14: =COUNTIFS('Master Data'!$C$2:$C$961,"Yes",'Master Data'!$K$2:$K$961,0,'Master Data'!$AD$2:$AD$961,A14) -> 264 | E14: =D14/COUNTIF('Master Data'!$C$2:$C$961,"Yes") -> 0.27995758
A15: Rarely easy | B15: =COUNTIFS('Master Data'!$C$2:$C$961,"Yes",'Master Data'!$AD$2:$AD$961,A15) -> 94 | C15: =B15/COUNTIF('Master Data'!$C$2:$C$961,"Yes") -> 0.099681866 | D15: =COUNTIFS('Master Data'!$C$2:$C$961,"Yes",'Master Data'!$K$2:$K$961,0,'Master Data'!$AD$2:$AD$961,A15) -> 86 | E15: =D15/COUNTIF('Master Data'!$C$2:$C$961,"Yes") -> 0.091198303
A16: Never easy | B16: =COUNTIFS('Master Data'!$C$2:$C$961,"Yes",'Master Data'!$AD$2:$AD$961,A16) -> 33 | C16: =B16/COUNTIF('Master Data'!$C$2:$C$961,"Yes") -> 0.034994698 | D16: =COUNTIFS('Master Data'!$C$2:$C$961,"Yes",'Master Data'!$K$2:$K$961,0,'Master Data'!$AD$2:$AD$961,A16) -> 33 | E16: =D16/COUNTIF('Master Data'!$C$2:$C$961,"Yes") -> 0.034994698
A20: OVERALL EXPERIENCE (% of Respondents)
A21: Neighborhood | B21: Excellent (All) | C21: Excellent (Assist) | D21: Good (All) | E21: Good (Assist) | F21: Okay (All) | G21: Okay (Assist) | H21: Poor (All) | I21: Poor (Assist) | J21: Very Poor (All) | K21: Very Poor (Assist)
A22: Hamilton Hill/Vale | B22: 0.11278195 | C22: 0.10655738 | D22: 0.28571429 | E22: 0.28688525 | F22: 0.47368421 | G22: 0.46721311 | H22: 0.097744361 | I22: 0.10655738 | J22: 0.030075188 | K22: 0.032786885
A23: Downtown/Stockade | B23: 0.10144928 | C23: 0.0625 | D23: 0.3115942 | E23: 0.22916667 | F23: 0.47826087 | G23: 0.55208333 | H23: 0.094202899 | I23: 0.13541667 | J23: 0.014492754 | K23: 0.020833333
A24: Mont Pleasant | B24: 0.13385827 | C24: 0.10204082 | D24: 0.34645669 | E24: 0.32653061 | F24: 0.42519685 | G24: 0.46938776 | H24: 0.086614173 | I24: 0.091836735 | J24: 0.0078740157 | K24: 0.010204082
A25: Niskayuna | B25: 0.41732283 | C25: 0.13043478 | D25: 0.33070866 | E25: 0.2173913 | F25: 0.19685039 | G25: 0.43478261 | H25: 0.047244094 | I25: 0.17391304 | J25: 0.0078740157 | K25: 0.043478261
A26: Northside | B26: 0.12857143 | C26: 0.079545455 | D26: 0.41428571 | E26: 0.39772727 | F26: 0.35714286 | G26: 0.39772727 | H26: 0.092857143 | I26: 0.11363636 | J26: 0.0071428571 | K26: 0.011363636
A27: Rotterdam/Bellevue | B27: 0.20512821 | C27: 0.075 | D27: 0.35897436 | E27: 0.3 | F27: 0.41025641 | G27: 0.575 | H27: 0.025641026 | I27: 0.05 | J27: 0 | K27: 0
A28: Scotia/Glenville | B28: 0.12790698 | C28: 0.098039216 | D28: 0.60465116 | E28: 0.50980392 | F28: 0.22093023 | G28: 0.31372549 | H28: 0.046511628 | I28: 0.078431373 | J28: 0 | K28: 0
A29: Woodlawn | B29: 0.10416667 | C29: 0.046875 | D29: 0.40625 | E29: 0.375 | F29: 0.35416667 | G29: 0.390625 | H29: 0.11458333 | I29: 0.15625 | J29: 0.020833333 | K29: 0.03125
A30: Rural Counties (Combined) | B30: 0.33333333 | C30: 0.22222222 | D30: 0.4 | E30: 0.44444444 | F30: 0.26666667 | G30: 0.33333333 | H30: 0 | I30: 0 | J30: 0 | K30: 0
A32: OVERALL VARIETY (% of Respondents)
A33: Neighborhood | B33: Excellent (All) | C33: Excellent (Assist) | D33: Good (All) | E33: Good (Assist) | F33: Okay (All) | G33: Okay (Assist) | H33: Poor (All) | I33: Poor (Assist) | J33: Very Poor (All) | K33: Very Poor (Assist)
A34: Hamilton Hill/Vale | B34: 0.18045113 | C34: 0.18032787 | D34: 0.39097744 | E34: 0.3852459 | F34: 0.36842105 | G34: 0.36885246 | H34: 0.045112782 | I34: 0.049180328 | J34: 0.015037594 | K34: 0.016393443
A35: Downtown/Stockade | B35: 0.13768116 | C35: 0.10416667 | D35: 0.41304348 | E35: 0.36458333 | F35: 0.39130435 | G35: 0.44791667 | H35: 0.050724638 | I35: 0.072916667 | J35: 0.0072463768 | K35: 0.010416667
A36: Mont Pleasant | B36: 0.1496063 | C36: 0.13265306 | D36: 0.4488189 | E36: 0.43877551 | F36: 0.36220472 | G36: 0.37755102 | H36: 0.031496063 | I36: 0.040816327 | J36: 0.0078740157 | K36: 0.010204082
A37: Niskayuna | B37: 0.38582677 | C37: 0.13043478 | D37: 0.37007874 | E37: 0.17391304 | F37: 0.21259843 | G37: 0.56521739 | H37: 0.023622047 | I37: 0.086956522 | J37: 0.0078740157 | K37: 0.043478261
A38: Northside | B38: 0.22142857 | C38: 0.19318182 | D38: 0.40714286 | E38: 0.39772727 | F38: 0.32142857 | G38: 0.35227273 | H38: 0.028571429 | I38: 0.034090909 | J38: 0.021428571 | K38: 0.022727273
A39: Rotterdam/Bellevue | B39: 0.16666667 | C39: 0.075 | D39: 0.44871795 | E39: 0.35 | F39: 0.33333333 | G39: 0.5 | H39: 0.051282051 | I39: 0.075 | J39: 0 | K39: 0
A40: Scotia/Glenville | B40: 0.18604651 | C40: 0.1372549 | D40: 0.48837209 | E40: 0.43137255 | F40: 0.29069767 | G40: 0.37254902 | H40: 0.034883721 | I40: 0.058823529 | J40: 0 | K40: 0
A41: Woodlawn | B41: 0.14583333 | C41: 0.125 | D41: 0.41666667 | E41: 0.359375 | F41: 0.36458333 | G41: 0.4375 | H41: 0.0625 | I41: 0.0625 | J41: 0.010416667 | K41: 0.015625
A42: Rural Counties (Combined) | B42: 0.33333333 | C42: 0.22222222 | D42: 0.46666667 | E42: 0.55555556 | F42: 0.2 | G42: 0.22222222 | H42: 0 | I42: 0 | J42: 0 | K42: 0
A44: EASE OF FRESH FOOD ACCESS (% of Respondents)
A45: Neighborhood | B45: Always Easy (All) | C45: Always Easy (Assist) | D45: Usually Easy (All) | E45: Usually Easy (Assist) | F45: Sometimes Easy (All) | G45: Sometimes Easy (Assist) | H45: Rarely Easy (All) | I45: Rarely Easy (Assist) | J45: Never Easy (All) | K45: Never Easy (Assist)
A46: Hamilton Hill/Vale | B46: 0.10526316 | C46: 0.090163934 | D46: 0.21052632 | E46: 0.20491803 | F46: 0.51879699 | G46: 0.52459016 | H46: 0.12781955 | I46: 0.13934426 | J46: 0.037593985 | K46: 0.040983607
A47: Downtown/Stockade | B47: 0.12318841 | C47: 0.083333333 | D47: 0.37681159 | E47: 0.28125 | F47: 0.37681159 | G47: 0.45833333 | H47: 0.072463768 | I47: 0.10416667 | J47: 0.050724638 | K47: 0.072916667
A48: Mont Pleasant | B48: 0.17322835 | C48: 0.1122449 | D48: 0.34645669 | E48: 0.33673469 | F48: 0.37795276 | G48: 0.41836735 | H48: 0.078740157 | I48: 0.10204082 | J48: 0.023622047 | K48: 0.030612245
A49: Niskayuna | B49: 0.45669291 | C49: 0.086956522 | D49: 0.36220472 | E49: 0.26086957 | F49: 0.12598425 | G49: 0.39130435 | H49: 0.039370079 | I49: 0.17391304 | J49: 0.015748031 | K49: 0.086956522
A50: Northside | B50: 0.18571429 | C50: 0.125 | D50: 0.25714286 | E50: 0.18181818 | F50: 0.37142857 | G50: 0.40909091 | H50: 0.13571429 | I50: 0.20454545 | J50: 0.05 | K50: 0.079545455
A51: Rotterdam/Bellevue | B51: 0.12820513 | C51: 0.025 | D51: 0.34615385 | E51: 0.15 | F51: 0.37179487 | G51: 0.575 | H51: 0.11538462 | I51: 0.175 | J51: 0.038461538 | K51: 0.075
A52: Scotia/Glenville | B52: 0.19767442 | C52: 0.17647059 | D52: 0.48837209 | E52: 0.33333333 | F52: 0.20930233 | G52: 0.31372549 | H52: 0.069767442 | I52: 0.11764706 | J52: 0.034883721 | K52: 0.058823529
A53: Woodlawn | B53: 0.14583333 | C53: 0.046875 | D53: 0.25 | E53: 0.25 | F53: 0.38541667 | G53: 0.4375 | H53: 0.1875 | I53: 0.21875 | J53: 0.03125 | K53: 0.046875
A54: Rural Counties (Combined) | B54: 0.2 | C54: 0 | D54: 0.6 | E54: 0.77777778 | F54: 0.2 | G54: 0.22222222 | H54: 0 | I54: 0 | J54: 0 | K54: 0
A56: OVERALL QUALITY (% of Respondents)
A57: Neighborhood | B57: Excellent (All) | C57: Excellent (Assist) | D57: Good (All) | E57: Good (Assist) | F57: Okay (All) | G57: Okay (Assist) | H57: Poor (All) | I57: Poor (Assist) | J57: Very Poor (All) | K57: Very Poor (Assist)
A58: Hamilton Hill/Vale | B58: 0.15789474 | C58: 0.1557377 | D58: 0.39849624 | E58: 0.39344262 | F58: 0.39849624 | G58: 0.40163934 | H58: 0.022556391 | I58: 0.024590164 | J58: 0.022556391 | K58: 0.024590164
A59: Downtown/Stockade | B59: 0.11594203 | C59: 0.083333333 | D59: 0.4057971 | E59: 0.32291667 | F59: 0.36956522 | G59: 0.45833333 | H59: 0.10144928 | I59: 0.125 | J59: 0.0072463768 | K59: 0.010416667
A60: Mont Pleasant | B60: 0.086614173 | C60: 0.081632653 | D60: 0.54330709 | E60: 0.55102041 | F60: 0.36220472 | G60: 0.35714286 | H60: 0.0078740157 | I60: 0.010204082 | J60: 0 | K60: 0
A61: Niskayuna | B61: 0.31496063 | C61: 0.086956522 | D61: 0.42519685 | E61: 0.30434783 | F61: 0.24409449 | G61: 0.52173913 | H61: 0.015748031 | I61: 0.086956522 | J61: 0 | K61: 0
A62: Northside | B62: 0.19285714 | C62: 0.15909091 | D62: 0.44285714 | E62: 0.44318182 | F62: 0.32857143 | G62: 0.36363636 | H62: 0.035714286 | I62: 0.034090909 | J62: 0 | K62: 0
A63: Rotterdam/Bellevue | B63: 0.17948718 | C63: 0.1 | D63: 0.46153846 | E63: 0.425 | F63: 0.34615385 | G63: 0.45 | H63: 0.012820513 | I63: 0.025 | J63: 0 | K63: 0
A64: Scotia/Glenville | B64: 0.1627907 | C64: 0.11764706 | D64: 0.54651163 | E64: 0.50980392 | F64: 0.26744186 | G64: 0.33333333 | H64: 0.023255814 | I64: 0.039215686 | J64: 0 | K64: 0
A65: Woodlawn | B65: 0.14583333 | C65: 0.109375 | D65: 0.46875 | E65: 0.453125 | F65: 0.33333333 | G65: 0.375 | H65: 0.041666667 | I65: 0.046875 | J65: 0.010416667 | K65: 0.015625
A66: Rural Counties (Combined) | B66: 0.2 | C66: 0 | D66: 0.6 | E66: 0.77777778 | F66: 0.2 | G66: 0.22222222 | H66: 0 | I66: 0 | J66: 0 | K66: 0

Sheet 8 Shopping Habits
A1: SEATS SHOPPING HABITS BY NEIGHBORHOOD
A4: RESPONSE SUMMARY
A5: Neighborhood | B5: Total Responses | C5: % of Overall | D5: Responses w/ Assistance | E5: % Using Assistance
A6: Hamilton Hill/Vale | B6: 133 | C6: 0.14103924 | D6: 122 | E6: 0.91729323
A7: Downtown/Stockade | B7: 138 | C7: 0.14634146 | D7: 96 | E7: 0.69565217
A8: Mont Pleasant | B8: 127 | C8: 0.13467656 | D8: 98 | E8: 0.77165354
A9: Niskayuna | B9: 127 | C9: 0.13467656 | D9: 23 | E9: 0.18110236
A10: Northside | B10: 140 | C10: 0.14846235 | D10: 88 | E10: 0.62857143
A11: Rotterdam/Bellevue | B11: 78 | C11: 0.08271474 | D11: 40 | E11: 0.51282051
A12: Scotia/Glenville | B12: 86 | C12: 0.091198303 | D12: 51 | E12: 0.59302326
A13: Woodlawn | B13: 96 | C13: 0.10180276 | D13: 64 | E13: 0.66666667
A14: Rural Counties (Combined) | B14: 15 | C14: 0.015906681 | D14: 9 | E14: 0.6
A16: PRODUCE CHOICES (% Often)
A17: Neighborhood | B17: Fresh Fruit (All) | C17: Fresh Fruit (Assist) | D17: Frozen Fruit (All) | E17: Frozen Fruit (Assist) | F17: Canned Fruit (All) | G17: Canned Fruit (Assist) | H17: Fresh Veg (All) | I17: Fresh Veg (Assist) | J17: Frozen Veg (All) | K17: Frozen Veg (Assist) | L17: Canned Veg (All) | M17: Canned Veg (Assist)
A18: Hamilton Hill/Vale | B18: 0.63157895 | C18: 0.63114754 | D18: 0.30827068 | E18: 0.30327869 | F18: 0.21804511 | G18: 0.22131148 | H18: 0.66165414 | I18: 0.6557377 | J18: 0.36842105 | K18: 0.37704918 | L18: 0.28571429 | M18: 0.28688525
A19: Downtown/Stockade | B19: 0.55797101 | C19: 0.44791667 | D19: 0.2173913 | E19: 0.17708333 | F19: 0.13768116 | G19: 0.1875 | H19: 0.55797101 | I19: 0.42708333 | J19: 0.3115942 | K19: 0.3125 | L19: 0.15942029 | M19: 0.1875
A20: Mont Pleasant | B20: 0.71653543 | C20: 0.67346939 | D20: 0.2992126 | E20: 0.32653061 | F20: 0.22834646 | G20: 0.24489796 | H20: 0.70866142 | I20: 0.67346939 | J20: 0.39370079 | K20: 0.37755102 | L20: 0.33070866 | M20: 0.34693878
A21: Niskayuna | B21: 0.88188976 | C21: 0.69565217 | D21: 0.1496063 | E21: 0.13043478 | F21: 0.05511811 | G21: 0 | H21: 0.88188976 | I21: 0.69565217 | J21: 0.32283465 | K21: 0.34782609 | L21: 0.13385827 | M21: 0.086956522
A22: Northside | B22: 0.72142857 | C22: 0.65909091 | D22: 0.25 | E22: 0.29545455 | F22: 0.15714286 | G22: 0.21590909 | H22: 0.75714286 | I22: 0.68181818 | J22: 0.4 | K22: 0.45454545 | L22: 0.24285714 | M22: 0.30681818
A23: Rotterdam/Bellevue | B23: 0.70512821 | C23: 0.625 | D23: 0.32051282 | E23: 0.35 | F23: 0.12820513 | G23: 0.225 | H23: 0.69230769 | I23: 0.65 | J23: 0.37179487 | K23: 0.4 | L23: 0.21794872 | M23: 0.25
A24: Scotia/Glenville | B24: 0.70930233 | C24: 0.58823529 | D24: 0.24418605 | E24: 0.23529412 | F24: 0.10465116 | G24: 0.15686275 | H24: 0.68604651 | I24: 0.56862745 | J24: 0.46511628 | K24: 0.49019608 | L24: 0.20930233 | M24: 0.25490196
A25: Woodlawn | B25: 0.76041667 | C25: 0.734375 | D25: 0.30208333 | E25: 0.3125 | F25: 0.21875 | G25: 0.234375 | H25: 0.70833333 | I25: 0.671875 | J25: 0.41666667 | K25: 0.390625 | L25: 0.28125 | M25: 0.296875
A26: Rural Counties (Combined) | B26: 0.94444444 | C26: 0.93333333 | D26: 0.20634921 | E26: 0.3 | F26: 0.15079365 | G26: 0.23333333 | H26: 0.73015873 | I26: 0.76666667 | J26: 0.46031746 | K26: 0.4 | L26: 0.26190476 | M26: 0.33333333
A28: STORE USAGE (% Often)
A29: Neighborhood | B29: Supermarket (All) | C29: Supermarket (Assist) | D29: Box Stores (All) | E29: Box Stores (Assist) | F29: Dollar Store (All) | G29: Dollar Store (Assist) | H29: Corner Store (All) | I29: Corner Store (Assist) | J29: Drug Store (All) | K29: Drug Store (Assist) | L29: Farmers Market (All) | M29: Farmers Market (Assist) | N29: Wholesale Club (All) | O29: Wholesale Club (Assist) | P29: Food Co-op (All) | Q29: Food Co-op (Assist) | R29: Specialty Market (All) | S29: Specialty Market (Assist) | T29: Most Used Store (All)
A30: Hamilton Hill/Vale | B30: 0.48120301 | C30: 0.49180328 | D30: 0.44360902 | E30: 0.43442623 | F30: 0.43609023 | G30: 0.43442623 | H30: 0.37593985 | I30: 0.36885246 | J30: 0.18045113 | K30: 0.17213115 | L30: 0.090225564 | M30: 0.090163934 | N30: 0.082706767 | O30: 0.073770492 | P30: 0.037593985 | Q30: 0.032786885 | R30: 0.060150376 | S30: 0.057377049 | T30: Supermarket
A31: Downtown/Stockade | B31: 0.52173913 | C31: 0.45833333 | D31: 0.30434783 | E31: 0.38541667 | F31: 0.13043478 | G31: 0.125 | H31: 0.16666667 | I31: 0.1875 | J31: 0.072463768 | K31: 0.072916667 | L31: 0.15942029 | M31: 0.09375 | N31: 0.050724638 | O31: 0.052083333 | P31: 0.072463768 | Q31: 0.041666667 | R31: 0.072463768 | S31: 0.052083333 | T31: Supermarket
A32: Mont Pleasant | B32: 0.63779528 | C32: 0.56122449 | D32: 0.44094488 | E32: 0.43877551 | F32: 0.28346457 | G32: 0.32653061 | H32: 0.19685039 | I32: 0.21428571 | J32: 0.13385827 | K32: 0.13265306 | L32: 0.1023622 | M32: 0.1122449 | N32: 0.17322835 | O32: 0.17346939 | P32: 0.047244094 | Q32: 0.051020408 | R32: 0.05511811 | S32: 0.06122449 | T32: Supermarket
A33: Niskayuna | B33: 0.79527559 | C33: 0.65217391 | D33: 0.28346457 | E33: 0.2173913 | F33: 0.11023622 | G33: 0.13043478 | H33: 0.094488189 | I33: 0.086956522 | J33: 0.062992126 | K33: 0.043478261 | L33: 0.1496063 | M33: 0.086956522 | N33: 0.11023622 | O33: 0 | P33: 0.13385827 | Q33: 0 | R33: 0.05511811 | S33: 0 | T33: Supermarket
A34: Northside | B34: 0.64285714 | C34: 0.61363636 | D34: 0.38571429 | E34: 0.42045455 | F34: 0.31428571 | G34: 0.40909091 | H34: 0.22857143 | I34: 0.25 | J34: 0.14285714 | K34: 0.19318182 | L34: 0.14285714 | M34: 0.11363636 | N34: 0.064285714 | O34: 0.090909091 | P34: 0.1 | Q34: 0.068181818 | R34: 0.071428571 | S34: 0.045454545 | T34: Supermarket
A35: Rotterdam/Bellevue | B35: 0.70512821 | C35: 0.675 | D35: 0.44871795 | E35: 0.475 | F35: 0.30769231 | G35: 0.4 | H35: 0.20512821 | I35: 0.25 | J35: 0.14102564 | K35: 0.1 | L35: 0.08974359 | M35: 0.1 | N35: 0.21794872 | O35: 0.225 | P35: 0.038461538 | Q35: 0.05 | R35: 0.012820513 | S35: 0 | T35: Supermarket
A36: Scotia/Glenville | B36: 0.73255814 | C36: 0.68627451 | D36: 0.5 | E36: 0.54901961 | F36: 0.1744186 | G36: 0.21568627 | H36: 0.093023256 | I36: 0.078431373 | J36: 0.15116279 | K36: 0.17647059 | L36: 0.1627907 | M36: 0.098039216 | N36: 0.11627907 | O36: 0.11764706 | P36: 0.034883721 | Q36: 0.019607843 | R36: 0.034883721 | S36: 0.019607843 | T36: Supermarket
A37: Woodlawn | B37: 0.625 | C37: 0.5 | D37: 0.26041667 | E37: 0.21875 | F37: 0.26041667 | G37: 0.25 | H37: 0.125 | I37: 0.125 | J37: 0.14583333 | K37: 0.140625 | L37: 0.041666667 | M37: 0.03125 | N37: 0.083333333 | O37: 0.0625 | P37: 0.010416667 | Q37: 0 | R37: 0.020833333 | S37: 0.015625 | T37: Supermarket
A38: Rural Counties (Combined) | B38: 0.94444444 | C38: 0.93333333 | D38: 0.6984127 | E38: 0.93333333 | F38: 0.32539683 | G38: 0.3 | H38: 0.1031746 | I38: 0.066666667 | J38: 0.32539683 | K38: 0.23333333 | L38: 0.047619048 | M38: 0.16666667 | N38: 0.047619048 | O38: 0 | P38: 0 | Q38: 0 | R38: 0 | S38: 0 | T38: Supermarket
A40: TRANSPORTATION METHODS
A41: Neighborhood | B41: Personal Vehicle (All) | C41: Personal Vehicle (Assist) | D41: Walk (All) | E41: Walk (Assist) | F41: Public Transit (All) | G41: Public Transit (Assist) | H41: Rides from Friends/Family (All) | I41: Rides from Friends/Family (Assist) | J41: Taxi/Uber (All) | K41: Taxi/Uber (Assist) | L41: Delivery Service (All) | M41: Delivery Service (Assist) | N41: Biking (All) | O41: Biking (Assist) | P41: Wheelchair (All) | Q41: Wheelchair (Assist) | R41: Other (All) | S41: Other (Assist) | T41: Most Used Transport (All)
A42: Hamilton Hill/Vale | B42: 0.13533835 | C42: 0.10655738 | D42: 0.58646617 | E42: 0.6147541 | F42: 0.66165414 | G42: 0.69672131 | H42: 0.32330827 | I42: 0.33606557 | J42: 0.2406015 | K42: 0.23770492 | L42: 0.082706767 | M42: 0.073770492 | N42: 0.082706767 | O42: 0.090163934 | P42: 0.022556391 | Q42: 0.024590164 | R42: 0 | S42: 0 | T42: Public Transit
A43: Downtown/Stockade | B43: 0.39130435 | C43: 0.1875 | D43: 0.47826087 | E43: 0.45833333 | F43: 0.44202899 | G43: 0.57291667 | H43: 0.34057971 | I43: 0.4375 | J43: 0.10144928 | K43: 0.13541667 | L43: 0.065217391 | M43: 0.052083333 | N43: 0.050724638 | O43: 0.041666667 | P43: 0.036231884 | Q43: 0.052083333 | R43: 0.0072463768 | S43: 0.010416667 | T43: Walk
A44: Mont Pleasant | B44: 0.60629921 | C44: 0.54081633 | D44: 0.2992126 | E44: 0.34693878 | F44: 0.27559055 | G44: 0.32653061 | H44: 0.18897638 | I44: 0.23469388 | J44: 0.1023622 | K44: 0.13265306 | L44: 0.070866142 | M44: 0.071428571 | N44: 0.05511811 | O44: 0.071428571 | P44: 0.0078740157 | Q44: 0.010204082 | R44: 0 | S44: 0 | T44: Personal Vehicle
A45: Niskayuna | B45: 0.93700787 | C45: 0.73913043 | D45: 0.27559055 | E45: 0.26086957 | F45: 0.047244094 | G45: 0.13043478 | H45: 0.078740157 | I45: 0.13043478 | J45: 0.015748031 | K45: 0.043478261 | L45: 0.062992126 | M45: 0.043478261 | N45: 0.1023622 | O45: 0 | P45: 0.0078740157 | Q45: 0.043478261 | R45: 0 | S45: 0 | T45: Personal Vehicle
A46: Northside | B46: 0.51428571 | C46: 0.29545455 | D46: 0.42142857 | E46: 0.44318182 | F46: 0.3 | G46: 0.44318182 | H46: 0.16428571 | I46: 0.19318182 | J46: 0.092857143 | K46: 0.125 | L46: 0.071428571 | M46: 0.056818182 | N46: 0.021428571 | O46: 0.022727273 | P46: 0 | Q46: 0 | R46: 0 | S46: 0 | T46: Personal Vehicle
A47: Rotterdam/Bellevue | B47: 0.78205128 | C47: 0.65 | D47: 0.24358974 | E47: 0.35 | F47: 0.14102564 | G47: 0.2 | H47: 0.12820513 | I47: 0.125 | J47: 0.064102564 | K47: 0.1 | L47: 0.038461538 | M47: 0.05 | N47: 0.012820513 | O47: 0.025 | P47: 0.012820513 | Q47: 0.025 | R47: 0 | S47: 0 | T47: Personal Vehicle
A48: Scotia/Glenville | B48: 0.81395349 | C48: 0.76470588 | D48: 0.15116279 | E48: 0.15686275 | F48: 0.15116279 | G48: 0.19607843 | H48: 0.13953488 | I48: 0.1372549 | J48: 0.058139535 | K48: 0.058823529 | L48: 0.10465116 | M48: 0.098039216 | N48: 0 | O48: 0 | P48: 0.023255814 | Q48: 0.019607843 | R48: 0 | S48: 0 | T48: Personal Vehicle
A49: Woodlawn | B49: 0.45833333 | C49: 0.328125 | D49: 0.34375 | E49: 0.453125 | F49: 0.33333333 | G49: 0.390625 | H49: 0.28125 | I49: 0.390625 | J49: 0.083333333 | K49: 0.078125 | L49: 0.125 | M49: 0.140625 | N49: 0.072916667 | O49: 0.078125 | P49: 0 | Q49: 0 | R49: 0 | S49: 0 | T49: Personal Vehicle
A50: Rural Counties (Combined) | B50: 0.93333333 | C50: 0.88888889 | D50: 0 | E50: 0 | F50: 0 | G50: 0 | H50: 0.066666667 | I50: 0.11111111 | J50: 0 | K50: 0 | L50: 0 | M50: 0 | N50: 0 | O50: 0 | P50: 0 | Q50: 0 | R50: 0 | S50: 0 | T50: Personal Vehicle
A52: TRANSPORTATION CHALLENGES
A53: Neighborhood | B53: Never (All) | C53: Never (Assist) | D53: Rarely (All) | E53: Rarely (Assist) | F53: Sometimes (All) | G53: Sometimes (Assist) | H53: Often (All) | I53: Often (Assist) | J53: Always (All) | K53: Always (Assist)
A54: Hamilton Hill/Vale | B54: 0.15037594 | C54: 0.13114754 | D54: 0.15037594 | E54: 0.14754098 | F54: 0.40601504 | G54: 0.42622951 | H54: 0.18796992 | I54: 0.18032787 | J54: 0.10526316 | K54: 0.1147541
A55: Downtown/Stockade | B55: 0.27536232 | C55: 0.11458333 | D55: 0.15217391 | E55: 0.15625 | F55: 0.36231884 | G55: 0.47916667 | H55: 0.13768116 | I55: 0.16666667 | J55: 0.072463768 | K55: 0.083333333
A56: Mont Pleasant | B56: 0.33858268 | C56: 0.26530612 | D56: 0.22834646 | E56: 0.2244898 | F56: 0.2519685 | G56: 0.29591837 | H56: 0.11811024 | I56: 0.13265306 | J56: 0.062992126 | K56: 0.081632653
A57: Niskayuna | B57: 0.68503937 | C57: 0.43478261 | D57: 0.17322835 | E57: 0.26086957 | F57: 0.11811024 | G57: 0.17391304 | H57: 0.0078740157 | I57: 0.043478261 | J57: 0.015748031 | K57: 0.086956522
A58: Northside | B58: 0.35 | C58: 0.17045455 | D58: 0.20714286 | E58: 0.21590909 | F58: 0.21428571 | G58: 0.25 | H58: 0.12142857 | I58: 0.19318182 | J58: 0.10714286 | K58: 0.17045455
A59: Rotterdam/Bellevue | B59: 0.48717949 | C59: 0.325 | D59: 0.28205128 | E59: 0.375 | F59: 0.16666667 | G59: 0.2 | H59: 0.025641026 | I59: 0.025 | J59: 0.038461538 | K59: 0.075
A60: Scotia/Glenville | B60: 0.52325581 | C60: 0.47058824 | D60: 0.20930233 | E60: 0.23529412 | F60: 0.18604651 | G60: 0.17647059 | H60: 0.069767442 | I60: 0.098039216 | J60: 0.011627907 | K60: 0.019607843
A61: Woodlawn | B61: 0.29166667 | C61: 0.09375 | D61: 0.16666667 | E61: 0.203125 | F61: 0.32291667 | G61: 0.46875 | H61: 0.125 | I61: 0.109375 | J61: 0.09375 | K61: 0.125
A62: Rural Counties (Combined) | B62: 0.33333333 | C62: 0.22222222 | D62: 0.26666667 | E62: 0.22222222 | F62: 0.4 | G62: 0.55555556 | H62: 0 | I62: 0 | J62: 0 | K62: 0
A64: DISTANCE TO GROCERY STORE
A65: Neighborhood | B65: <1 Mile (All) | C65: <1 Mile (Assist) | D65: 1-3 Miles (All) | E65: 1-3 Miles (Assist) | F65: 4-6 Miles (All) | G65: 4-6 Miles (Assist) | H65: 7-10 Miles (All) | I65: 7-10 Miles (Assist) | J65: 10+ Miles (All) | K65: 10+ Miles (Assist)
A66: Hamilton Hill/Vale | B66: 0.097744361 | C66: 0.10655738 | D66: 0.45864662 | E66: 0.48360656 | F66: 0.26315789 | G66: 0.24590164 | H66: 0.12030075 | I66: 0.10655738 | J66: 0.052631579 | K66: 0.049180328
A67: Downtown/Stockade | B67: 0.065217391 | C67: 0.083333333 | D67: 0.41304348 | E67: 0.48958333 | F67: 0.37681159 | G67: 0.30208333 | H67: 0.10144928 | I67: 0.09375 | J67: 0.043478261 | K67: 0.03125
A68: Mont Pleasant | B68: 0.086614173 | C68: 0.091836735 | D68: 0.51968504 | E68: 0.5 | F68: 0.29133858 | G68: 0.30612245 | H68: 0.070866142 | I68: 0.071428571 | J68: 0.031496063 | K68: 0.030612245
A69: Niskayuna | B69: 0.17322835 | C69: 0.086956522 | D69: 0.42519685 | E69: 0.26086957 | F69: 0.22047244 | G69: 0.34782609 | H69: 0.1023622 | I69: 0.17391304 | J69: 0.078740157 | K69: 0.13043478
A70: Northside | B70: 0.15 | C70: 0.15909091 | D70: 0.50714286 | E70: 0.5 | F70: 0.25714286 | G70: 0.27272727 | H70: 0.071428571 | I70: 0.045454545 | J70: 0.014285714 | K70: 0.022727273
A71: Rotterdam/Bellevue | B71: 0.11538462 | C71: 0.125 | D71: 0.47435897 | E71: 0.425 | F71: 0.28205128 | G71: 0.325 | H71: 0.1025641 | I71: 0.125 | J71: 0.012820513 | K71: 0
A72: Scotia/Glenville | B72: 0.023255814 | C72: 0.019607843 | D72: 0.40697674 | E72: 0.43137255 | F72: 0.40697674 | G72: 0.41176471 | H72: 0.11627907 | I72: 0.098039216 | J72: 0.023255814 | K72: 0.039215686
A73: Woodlawn | B73: 0.20833333 | C73: 0.21875 | D73: 0.48958333 | E73: 0.453125 | F73: 0.25 | G73: 0.25 | H73: 0.020833333 | I73: 0.03125 | J73: 0.020833333 | K73: 0.03125
A74: Rural Counties (Combined) | B74: 0.066666667 | C74: 0.11111111 | D74: 0.13333333 | E74: 0 | F74: 0.13333333 | G74: 0.22222222 | H74: 0.2 | I74: 0.33333333 | J74: 0.4 | K74: 0.22222222
A76: KEY SHOPPING TRENDS BY NEIGHBORHOOD
A77: Neighborhood | B77: Total Respondents | C77: Respondents w/ Assist | D77: % Fresh Produce Often (All) | E77: % Fresh Produce Often (Assist) | F77: % Public Transit Use (All) | G77: % Public Transit Use (Assist) | H77: % Often/Always Challenges (All) | I77: % Often/Always Challenges (Assist)
A78: Hamilton Hill/Vale | B78: 133 | C78: 122 | D78: 0.64661654 | E78: 0.64344262 | F78: 0.2406015 | G78: 0.23770492 | H78: 0.29323308 | I78: 0.29508197
A79: Downtown/Stockade | B79: 138 | C79: 96 | D79: 0.55797101 | E79: 0.4375 | F79: 0.10144928 | G79: 0.13541667 | H79: 0.21014493 | I79: 0.25
A80: Mont Pleasant | B80: 127 | C80: 98 | D80: 0.71259843 | E80: 0.67346939 | F80: 0.1023622 | G80: 0.13265306 | H80: 0.18110236 | I80: 0.21428571
A81: Niskayuna | B81: 127 | C81: 23 | D81: 0.88188976 | E81: 0.69565217 | F81: 0.015748031 | G81: 0.043478261 | H81: 0.023622047 | I81: 0.13043478
A82: Northside | B82: 140 | C82: 88 | D82: 0.73928571 | E82: 0.67045455 | F82: 0.092857143 | G82: 0.125 | H82: 0.22857143 | I82: 0.36363636
A83: Rotterdam/Bellevue | B83: 78 | C83: 40 | D83: 0.69871795 | E83: 0.6375 | F83: 0.064102564 | G83: 0.1 | H83: 0.064102564 | I83: 0.1
A84: Scotia/Glenville | B84: 86 | C84: 51 | D84: 0.69767442 | E84: 0.57843137 | F84: 0.058139535 | G84: 0.058823529 | H84: 0.081395349 | I84: 0.11764706
A85: Woodlawn | B85: 96 | C85: 64 | D85: 0.734375 | E85: 0.703125 | F85: 0.083333333 | G85: 0.078125 | H85: 0.21875 | I85: 0.234375
A86: Rural Counties (Combined) | B86: 15 | C86: 9 | D86: 0.83730159 | E86: 0.85 | F86: 0 | G86: 0 | H86: 0 | I86: 0

Sheet 9 Data Quality Notes
A1: Data Quality Notes
A2: Issues to document before using the survey as a public report annex.
A4: Field / issue | B4: Notes | C4: Status
A5: Eligibility | B5: 943 Yes, 9 No, 8 blank | C5: Applied in summary tabs
A6: Blank columns D:F | B6: Question, Answer Choice, and Answer contain no data | C6: Not altered in Master Data
A7: Housing | B7: 46 distinct raw responses, including spelling variants and detailed write-ins | C7: Grouped only in profile summary
A8: Distance | B8: Five standard bands plus six unclear/write-in responses | C8: Applied in access summary
A9: Transportation | B9: The raw value Never contains leading whitespace | C9: Handled in summary
A10: Boolean fields | B10: Assistance and no-barriers fields contain 0/1 or TRUE/FALSE | C10: Needs survey-owner confirmation
A11: Comments | B11: 244 eligible respondents supplied comments | C11: Confidentiality review required
A12: Representativeness | B12: Survey distribution may not match the area population | C12: Report-language caution
A13: Missingness | B13: Most core fields are complete for all 943 eligible respondents | C13: Monitored by live formulas
A14: Reporting Assistance subset | B14: Defined by eligible records with Master Data column K = 0 (592 respondents) | C14: Applied across summary tabs
